 Dungeon Crawl Stone Soup version 0.29.0-15-g675c0067aa (webtiles) character file.

Game seed: 7857753140715335270

706079 qw the Demon Slayer (level 27, -7/193 HPs)
             Began as a Gargoyle Fighter on Sept 11, 2022.
             Was a High Priest of the Shining One.
             Mangled by an iron golem (26 damage)
             ... on level 10 of a ziggurat.
             The game lasted 00:35:40 (69678 turns).

qw the Demon Slayer (Gargoyle Fighter)             Turns: 69678, Time: 00:35:41

Health: -7/193     AC: 58    Str: 46      XL:     27
Magic:  27/39      EV: 19    Int:  7 (22) God:    the Shining One [*****.]
Gold:   5338       SH: 35    Dex: 19      Spells: 26/26 levels left

rFire   + . .      SeeInvis +   x - +8 broad axe of Xoafo {vorpal, Fly rElec Str+2 Int+4}
rCold   + + +      Faith    .   v - +2 tower shield {AC+3}
rNeg    + + +      Spirit   .   f - +6 plate armour {rF+}
rPois   inf        Reflect  +   (no helmet)
rElec   +          Harm     .   z - +2 cloak of Disappointment {rF+ rN+ Int-2}
rCorr   +          Rampage  .   L - +0 pair of gloves "Zuiss" {rCorr Dex+4}
Will    ++...      Rnd*Tele +   I - +0 pair of boots "Fiwiumar" {Str+8 Dex+2 Stlth-}
Stlth   ..........              G - amulet "Yrobupre" {Reflect SH+5 SInv}
HPRegen 0.42/turn               q - ring of Perfectionism {rElec rC+ Int+6 Dex+4 Slay+3}
MPRegen 0.26/turn               M - ring of the Gloaming {Ice rElec Str+2 Int+5 Slay+3}

@: flying, hasted, glowing, unable to read, very quick
A: sickness immunity, AC +20, big wings, negative energy resistance 1,
electricity resistance, torment resistance 1, petrification resistance, large
bone plates 1, cold resistance 1, sense surroundings 1, teleportitis 1,
inability to read after injury 1
}: 4/15 runes: serpentine, barnacled, silver, golden
a: Renounce Religion, Divine Shield, Cleansing Flame, Summon Divine Warrior


You were on level 10 of a ziggurat.
You worshipped the Shining One.
The Shining One was extremely pleased with you.
You visited 11 branches of the dungeon, and saw 51 of its levels.
You visited 1 bazaar.
You visited 1 ziggurat, and saw 10 of its levels.

You collected 9264 gold pieces.
You spent 3926 gold pieces at shops.


Innate Abilities, Weirdness & Mutations

You are immune to sickness and miasma.
Your stone body is resilient. (AC +20)
You are immune to poison.
Your large and strong wings let you fly.
You resist negative energy. (rN+)
You are resistant to electric shocks. (rElec)
You are resistant to unholy torment.
You are immune to petrification.
You are partially covered in large bone plates. (SH +4)
Your flesh is cold resistant. (rC+)
You passively map a small area around you.
You are occasionally teleported next to monsters.
You occasionally lose the ability to read scrolls when taking damage.


   Skills:
 - Level 25.0 Fighting
 - Level 18.0 Axes
 + Level 14.4 Throwing
 - Level 23.0 Armour
 - Level 16.1 Dodging
 - Level 22.8 Shields
 - Level 25.3 Invocations


You had 26 spell levels left.
You didn't know any spells.
Your spell library was empty.

Inventory:

Hand Weapons
 x - the +8 broad axe of Xoafo (weapon) {vorpal, Fly rElec Str+2 Int+4}
   (You found it on level 12 of the Dungeon)

   It inflicts extra damage upon your enemies.
   Str:       It affects your strength (+2).
   Int:       It affects your intelligence (+4).
   rElec:     It insulates you from electricity.
   Fly:       It grants you flight.
Missiles
 C - 30 javelins
 J - 9 silver javelins (quivered)
Armour
 f - a +6 plate armour of fire resistance (worn)
 o - a +2 pair of gloves
 p - the +15 Maxwell's patent armour {-Cast -Tele rElec Will+ rCorr}
   (You found it on level 3 of the Crypt)

   rElec:     It insulates you from electricity.
   -Cast:     It prevents spellcasting.
   -Tele:     It prevents most forms of teleportation.
   rCorr:     It protects you from acid and corrosion.
   Will:      It increases your willpower.
 r - the +8 plate armour of a treasure trove {rPois Int-3 Dex+2}
   (Okawaru gifted it to you on level 5 of the Realm of Zot)

   Int:       It affects your intelligence (-3).
   Dex:       It affects your dexterity (+2).
   rPois:     It protects you from poison.
 v - a +2 tower shield of protection (worn)
 z - the +2 cloak of Disappointment (worn) {rF+ rN+ Int-2}
   (You found it on level 10 of the Dungeon)

   Int:       It affects your intelligence (-2).
   rF:        It protects you from fire.
   rN:        It protects you from negative energy.
 I - the +0 pair of boots "Fiwiumar" (worn) {Str+8 Dex+2 Stlth-}
   (Okawaru gifted it to you on level 2 of the Shoals)

   Str:       It affects your strength (+8).
   Dex:       It affects your dexterity (+2).
   Stlth:     It makes you less stealthy.
 L - the +0 pair of gloves "Zuiss" (worn) {rCorr Dex+4}
   (Okawaru gifted it to you on level 4 of the Shoals)

   Dex:       It affects your dexterity (+4).
   rCorr:     It protects you from acid and corrosion.
Jewellery
 l - the ring of Reimbursement {rN+ Will+ Slay+3 Stlth-}
   (You found it on level 4 of a ziggurat)

   [ring of positive energy]

   Slay:      It affects your accuracy & damage with ranged weapons and melee
   (+3).
   rN:        It protects you from negative energy.
   Will:      It increases your willpower.
   Stlth:     It makes you less stealthy.
 m - the amulet of Anarchy {Acrobat Fly rF+}
   (You acquired it on level 11 of the Dungeon)

   [amulet of the acrobat]

   It increases your evasion while moving and waiting.
   rF:        It protects you from fire.
   Fly:       It grants you flight.
 q - the ring of Perfectionism (left hand) {rElec rC+ Int+6 Dex+4 Slay+3}
   (You found it on level 4 of the Dungeon)

   [ring of intelligence]

   Int:       It affects your intelligence (+6).
   Dex:       It affects your dexterity (+4).
   Slay:      It affects your accuracy & damage with ranged weapons and melee
   (+3).
   rC:        It protects you from cold.
   rElec:     It insulates you from electricity.
 y - the ring "Xoduety" {+Blink rF+}
   (You found it on level 14 of the Dungeon)

   [ring of protection from fire]

   rF:        It protects you from fire.
   +Blink:    It lets you blink.
 G - the amulet "Yrobupre" (around neck) {Reflect SH+5 SInv}
   (You found it on level 1 of the Shoals)

   [amulet of reflection]

   It reflects blocked missile attacks.
   SInv:      It lets you see invisible.
   SH:        It affects your SH (+5).
 M - the ring of the Gloaming (right hand) {Ice rElec Str+2 Int+5 Slay+3}
   (You took it off Josephina on level 3 of the Realm of Zot)

   [ring of ice]

   It enhances your ice magic.
   Str:       It affects your strength (+2).
   Int:       It affects your intelligence (+5).
   Slay:      It affects your accuracy & damage with ranged weapons and melee
   (+3).
   rF:        It makes you vulnerable to fire.
   rC:        It protects you from cold.
   rElec:     It insulates you from electricity.
 Y - the ring "Hapaetee" {rF+ rC- EV+4 Dex+8}
   (You found it on level 3 of the Dungeon)

   [ring of evasion]

   EV:        It affects your evasion (+4).
   Dex:       It affects your dexterity (+8).
   rF:        It protects you from fire.
   rC:        It makes you vulnerable to cold.
Wands
 H - a wand of digging (9)
Scrolls
 e - 5 scrolls of identify
 k - 12 scrolls of teleportation
 u - 13 scrolls of fog
 A - 6 scrolls of blinking
 F - 11 scrolls of enchant weapon
Potions
 a - 19 potions of curing
 b - 6 potions of haste
 d - 11 potions of might
 h - 6 potions of cancellation
 i - 5 potions of magic
 j - 6 potions of attraction
 n - a potion of heal wounds
 s - 3 potions of resistance
 t - 6 potions of lignification

Dungeon Overview and Level Annotations

Branches:
Dungeon (15/15)            Temple (1/1) D:7            Lair (5/5) D:10
 Shoals (4/4) Lair:3        Snake (4/4) Lair:3        Slime (0/5) Lair:4
    Orc (2/2) D:12            Elf (0/3) Orc:2        Vaults (5/5) D:13
  Crypt (3/3) Vaults:3       Tomb (3/3) Crypt:3      Depths (4/4) D:15
    Zot (5/5) Depths:4

Altars:
Ashenzari
Cheibriados
Dithmenos
Elyvilon
Fedhas
Gozag
Hepliaklqana
Kikubaaqudgha
Makhleb
Nemelex Xobeh
Okawaru
Qazlal
Ru
Sif Muna
Trog
Uskayaw
Vehumet
Wu Jian
Xom
Yredelemnul
Zin
The Shining One
Jiyva

Shops:
D:3 [   D:6 *   Orc:2 [[=   Shoals:1 [   Snake:1 *   Snake:3 *[   Snake:4 (
Vaults:3 [**(   Depths:1 ::=:   Depths:4 [

Portals:
Hell: Depths:1 Depths:2 Depths:3 Depths:4
Abyss: Depths:1 Depths:3
Pandemonium: Depths:2 Depths:4
Ziggurat: Depths:4
Trove: Depths:1 (give 5 scrolls of fear)

Annotations:
D:3 1 runed translucent door, Crazy Yiuf
D:4 2 transporters, qw's ghost, weakling GrDe
Shoals:2 1 runed translucent door, qw's ghost, adept MiBe
Snake:3 6 transporters
Crypt:1 1 runed translucent door, Bunoc's ghost, veteran FoFi
Zot:2 5 transporters
Zot:5 1 runed translucent door, qw's ghost, master GrFi


Message History

You block the iron golem's attack. x2
The iron golem hits you but does no damage.
You slice the iron golem!!
The iron golem is heavily damaged.
You hit the iron golem.
You hit the iron golem but do no damage.
You slash the iron giant! x2
You block the iron giant's attack.
The iron giant hits you with a +0 giant club!
The crystal echidna throws volley of spikes at you.
The volley of spikes hits your daeva but does no damage.
Your daeva hits the crystal echidna with a +3 eudemon blade of holy wrath!!
Your daeva hits the crystal echidna but does no damage.
You block the iron golem's attack. The iron golem misses you.
You block the iron golem's attack. The iron golem hits you.
You block the iron golem's attack. x2
You hit the iron golem but do no damage.
The iron golem is heavily damaged.
You hit the iron golem but do no damage. x2
You hit the iron giant but do no damage.
You slash the iron giant!
The iron giant throws the iron dragon at you!
The iron giant points at you and mumbles some strange words.
The iron shot hits you.
Your daeva calls down the wrath of the Shining One upon the crystal echidna.
The crystal echidna is smitten.
The crystal echidna is destroyed!
The iron golem hits you! You block the iron golem's attack. x2
The iron golem hits you! You block the iron golem's attack. x2
You feel your intelligence returning.
69678 ||| DRINKING 7 potions of haste.
You feel yourself speed up. You block the iron dragon's attack. x3
The iron giant hits you with a +0 giant spiked club!!
Your daeva calls down the wrath of the Shining One upon the iron golem.
The iron golem is smitten.
The iron golem hits you!! The iron golem hits you!
The iron giant gestures at you while chanting.
The iron shot reflects off an invisible shield around you!
The iron shot hits the iron giant!!
The iron golem hits you!!
You feel threatened and lose the ability to read scrolls!
You die...

##########
*.........##
..........## *
......C.9..##
......C@9...##
,
......DA9....##
,
............\.#
*
.............##
............##
...........##
..........##
.........##
#####*


You could see 3 iron golems, 2 iron giants, an iron dragon and a friendly daeva
(summoned).

Vanquished Creatures
  3 dread liches
  4 orbs of fire (Zot:5)
  Mennas (Vaults:4)
  7 ancient liches
  24 royal mummies
  Josephina (Zot:3)
  2 Killer Klowns (Zot:5)
  5 caustic shrikes
  4 curse toes
  7 golden dragons
  Nikola (Vaults:1)
  A profane servitor (Crypt:3)
  4 bone dragons
  the Enchantress (Depths:2)
  3 hellephants (Depths:3)
  2 Hell Sentinels (Zig:9)
  2 walking crystal tomes
  A doom hound (Crypt:3)
  3 electric golems
  5 liches
  18 tentacled monstrosities
  25 Orb Guardians (Zot:5)
  4 quicksilver dragons
  2 walking divine tomes (Depths:2)
  A shard shrike skeleton (Tomb:3)
  4 deep elf master archers
  26 titans
  Grunn (Crypt:3)
  A walking frostbound tome (Depths:3)
  3 deep elf blademasters
  9 sphinxes
  2 acid blobs (Zig:8)
  An eldritch tentacle (Tomb:3)
  8 ancient champions
  Gastronok (Lair:2)
  9 death cobs
  A kraken (Shoals:1)
  9 shadow dragons
  6 tengu reavers
  6 draconian monks
  An azure jelly (Zig:8)
  2 nagarajas (Snake:4)
  4 revenants
  23 fire giants
  13 storm dragons
  A draconian knight (Zot:4)
  A fenstrider witch (Zot:5)
  3 iron dragons
  3 orc warlords
  A quicksilver elemental (Zig:10)
  13 vault wardens
  5 ghost moths
  2 emperor scorpions
  23 frost giants
  2 ghouls
  15 ironbound preservers
  5 draconian stormcallers
  2 draconian scorchers
  7 draconian shifters
  3 curse skulls
  2 quicksilver oozes (Zig:8)
  5 spriggan defenders
  27 very ugly things
  10 draconian annihilators
  A reaper (Crypt:2)
  2 caustic shrike zombies
  6 ironbound thunderhulks
  A caustic shrike skeleton (Crypt:1)
  5 vampire knights
  8 bennus
  20 stone giants
  3 war gargoyles (Vaults:5)
  A deep elf demonologist (Vaults:5)
  A lorocyproca (Tomb:3)
  6 entropy weavers
  10 black draconians
  20 green draconians
  11 red draconians
  14 white draconians
  11 yellow draconians
  4 deep elf annihilators
  2 bunyips (Zig:7)
  18 purple draconians
  2 eidola (Crypt:2)
  12 dire elephants
  6 spark wasps (Depths:2)
  5 deep elf death magi
  17 jiangshi
  14 merfolk impalers
  19 ettins
  24 mummy priests
  3 crystal guardians (Zig:9)
  11 fire dragons
  A quicksilver dragon zombie (Depths:1)
  4 deep elf high priests
  7 merfolk javelineers
  28 vault guards
  13 yaktaur captains
  2 rakshasas (Depths:3)
  4 salamander tyrants
  3 great orbs of eyes
  4 boulder beetles
  Fannar (Lair:3)
  11 ironbound frosthearts
  7 spriggan air magi
  9 hydras
  A quicksilver dragon skeleton (Zig:3)
  2 ogre magi
  3 catoblepae
  4 merfolk avatars
  6 death knights
  8 merfolk aquamancers
  2 alligator snapping turtles (Shoals:2)
  9 ice dragons
  9 centaur warriors
  11 two-headed ogres
  A radroach (Zig:4)
  94 death scarabs
  A fenstrider witch skeleton (Crypt:2)
  7 hell hogs (Depths:3)
  18 naga warriors
  3 death yaks (Lair:5)
  11 anacondas
  A satyr (Shoals:3)
  4 tengu warriors
  8 shock serpents
  7 deep troll shamans
  13 deep troll earth magi
  4 spriggan berserkers
  4 vampire magi
  Amaemon (Lair:2)
  4 orc high priests (Orc:2)
  15 naga sharpshooters
  15 hell knights
  6 iron trolls
  2 salamander mystics
  45 skeletal warriors
  10 deep elf knights
  2 crystal echidnas (Zig:10)
  A shadow wraith (Crypt:2)
  A goliath frog (Zig:7)
  6 sea snakes
  A death drake (shapeshifter) (D:14)
  2 spriggan druids (Zig:7)
  58 deep trolls
  3 glowing orange brains
  2 bunyip skeletons
  4 flayed ghosts
  6 deep elf archers
  3 spriggan simulacra (D:14)
  10 phantasmal warriors
  An iron giant skeleton (Crypt:2)
  6 naga ritualists
  A swamp dragon (Zig:7)
  2 obsidian statues
  4 orange crystal statues
  9 wizards
  9 deep elf zephyrmancers
  9 necromancers
  10 ironbound convokers
  2 wolf spiders
  An oklob plant (Shoals:3)
  7 orc knights
  31 harpies
  A frost giant zombie (Depths:1)
  7 lindwurms
  9 mana vipers
  An anaconda skeleton (Crypt:1)
  A tengu skeleton (Depths:1)
  15 deep elf pyromancers
  52 ugly things
  21 manticores
  A faun (shapeshifter) (Vaults:5)
  21 moths of wrath
  A will-o-the-wisp (Zig:7)
  17 salamanders
  9 elephants
  6 orc sorcerers
  7 fauns
  7 cyclopes
  A frost giant skeleton (Depths:1)
  38 black mambas
  A centaur zombie (Crypt:2)
  5 merfolk sirens
  A titan simulacrum (Crypt:3)
  8 water nymphs
  3 guardian serpents
  A black mamba (shapeshifter) (D:14)
  A torpor snail (shapeshifter) (Vaults:4)
  15 naga magi
  An eye of devastation (Zig:8)
  19 vault sentinels
  An orange demon (Lair:2)
  A gargoyle (D:12)
  2 storm dragon simulacra
  4 cane toads
  A komodo dragon (shapeshifter) (D:14)
  A demonic crawler (Zig:4)
  9 komodo dragons
  Psyche (D:10)
  A kobold demonologist (D:12)
  An efreet (D:14)
  5 freezing wraiths
  6 rime drakes
  A swamp worm zombie (Crypt:1)
  4 centaur skeletons (D:13)
  An unseen horror (D:10)
  34 yaktaurs
  51 guardian mummies
  2 tengu conjurers (Depths:3)
  A yaktaur (shapeshifter) (Vaults:5)
  A yaktaur zombie (Vaults:5)
  3 harpy zombies
  11 trolls
  A shadow dragon simulacrum (Zig:2)
  11 polar bears (Lair:5)
  A hornet (Zig:7)
  A mana viper skeleton (Crypt:2)
  A merfolk (shapeshifter) (Vaults:5)
  27 merfolk
  A wind drake (shapeshifter) (D:15)
  A fire dragon zombie (Crypt:1)
  9 wind drakes
  3 raiju (Lair:5)
  A boulder beetle zombie (Crypt:2)
  2 ice dragon zombies
  A frost giant simulacrum (Depths:1)
  14 blink frogs
  36 slime creatures
  4 snapping turtles
  16 dream sheep
  An ettin zombie (Crypt:2)
  A jumping spider (Zig:5)
  2 large abominations (Crypt:3)
  3 spriggans
  77 flying skulls
  4 shadows
  2 air elementals (Shoals:4)
  A draconian simulacrum (Zot:3)
  2 small abominations (Crypt:3)
  A vampire (D:9)
  A fire dragon skeleton (Crypt:1)
  4 wyverns
  12 wraiths
  32 water elementals
  26 yaks
  26 ushabtiu
  An elf simulacrum (Vaults:2)
  A golden eye (Zig:8)
  5 fire bats
  A fire elemental (Lair:5)
  9 vampire mosquitoes
  2 steam dragons
  An ettin skeleton (Depths:1)
  4 redbacks
  An alligator snapping turtle simulacrum (Crypt:1)
  9 basilisks
  2 minotaur simulacra (D:14)
  Menkaure (D:7)
  A black draconian simulacrum (Zot:3)
  A white draconian simulacrum (Zot:3)
  A glowing shapeshifter zombie (Vaults:5)
  64 nagas
  3 harpy simulacra
  7 wargs
  14 water moccasins
  A moth of wrath simulacrum (Zot:3)
  Duvessa (D:6)
  14 hell hounds (Lair:5)
  A naga zombie (Crypt:1)
  A floating eye (Depths:1)
  44 orc warriors
  An alligator simulacrum (D:14)
  3 ice beasts
  Pargi (D:4)
  15 black bears
  2 human zombies (Vaults:5)
  A sky beast (D:6)
  A snapping turtle zombie (Crypt:2)
  13 ogres
  An ettin simulacrum (Crypt:3)
  7 centaurs
  9 boggarts
  21 wolves
  2 dream sheep skeletons
  2 phantoms
  5 kobold brigands
  6 necrophages
  8 bullfrogs
  A deep troll simulacrum (D:14)
  3 earth elementals (Zig:9)
  6 gnoll sergeants
  5 scorpions
  A warg zombie (Crypt:1)
  9 wights
  Dowan (D:6)
  2 howler monkeys
  An electric eel (Lair:4)
  6 hounds
  4 jellies
  24 orc priests
  A human skeleton (Crypt:2)
  A gnoll bouda (D:7)
  6 iguanas
  21 orc wizards
  A killer bee zombie (Crypt:1)
  40 mummies
  A howler monkey zombie (Crypt:2)
  10 gnolls
  16 adders
  A steam dragon skeleton (Crypt:1)
  A shadow imp (D:6)
  A white imp (D:7)
  3 ufetubi
  2 worms
  2 dart slugs
  116 orcs
  6 ball pythons
  10 bats
  5 endoplasms
  3 giant cockroaches (D:1)
  12 goblins
  12 hobgoblins
  6 jackals
  18 kobolds
  3 quokkas
  A dart slug zombie (Crypt:2)
  4 frilled lizards
  3 rats
  2 tentacles (Shoals:1)
2658 creatures vanquished.

Vanquished Creatures (collateral kills)
  10 royal mummies
  2 doom hounds (Crypt:3)
  A titan (Tomb:1)
  A lich (Crypt:3)
  A deep elf blademaster (Tomb:1)
  2 revenants
  A quicksilver elemental (Zig:10)
  A fire giant (Tomb:1)
  A war gargoyle (Zig:9)
  3 mummy priests
  10 death scarabs
  2 skeletal warriors (Crypt:3)
  A crystal echidna (Zig:10)
  An orange crystal statue (Zig:7)
  A deep elf archer (Tomb:1)
  A deep elf pyromancer (Tomb:1)
  3 guardian mummies
  10 flying skulls
  A naga zombie (Tomb:1)
  An earth elemental (Zig:9)
  8 mummies
62 creatures vanquished.

Vanquished Creatures (others)
  A spriggan air mage (Depths:2)
  A deep elf pyromancer (Crypt:3)
  An ugly thing (Depths:2)
  A black mamba (Snake:1)
  A gargoyle (Zig:9)
  A water elemental (Shoals:4)
  24 foxfires (Zig:7)
  7 fungi
  67 plants
  2 tentacles (Shoals:1)
106 creatures vanquished.

Grand Total: 2826 creatures vanquished

Notes
Turn   | Place    | Note
-------+----------+-------------------------------------------
     0 | D:1      | qw the Gargoyle Fighter began the quest for the Orb.
     0 | D:1      | Reached XP level 1. HP: 14/14 MP: 1/1
     0 | D:1      | 0 ||| qw: Version: 0.1-a-119-g272c26d
     0 | D:1      | 0 ||| qw: Game counter: 10624
     0 | D:1      | 0 ||| qw: Always use a shield: true
     0 | D:1      | 0 ||| qw: God list: Okawaru
     0 | D:1      | 0 ||| qw: Allow faded altars: false
     0 | D:1      | 0 ||| qw: Do Orc after D:15 true
     0 | D:1      | 0 ||| qw: Do second Lair branch before Depths: true
     0 | D:1      | 0 ||| qw: Lair rune preference: random
     0 | D:1      | 0 ||| qw: Plans: Normal, Zot, God:TSO, Crypt, Tomb, Zig,
                  | Orb
     0 | D:1      | 0 ||| PLANNING D:1-11
    97 | D:1      | 97 ||| Stepping ~*~*~tactically~*~*~ (stealth).
   108 | D:1      | Reached XP level 2. HP: 15/19 MP: 2/2
   298 | D:1      | 298 ||| Stepping ~*~*~tactically~*~*~ (stealth).
   299 | D:1      | 299 ||| Stepping ~*~*~tactically~*~*~ (stealth).
   316 | D:1      | 316 ||| Stepping ~*~*~tactically~*~*~ (stealth).
   318 | D:1      | 318 ||| Stepping ~*~*~tactically~*~*~ (stealth).
   319 | D:1      | 319 ||| Stepping ~*~*~tactically~*~*~ (stealth).
   321 | D:1      | 321 ||| Stepping ~*~*~tactically~*~*~ (stealth).
   349 | D:1      | Reached skill level 3 in Axes
   354 | D:1      | Reached XP level 3. HP: 19/23 MP: 3/3
   461 | D:1      | 461 ||| Stepping ~*~*~tactically~*~*~ (stealth).
   825 | D:1      | 825 ||| UPGRADING to +0 chain mail.
   835 | D:1      | 835 ||| DROPPING +0 scale mail.
   836 | D:1      | 836 ||| READING scroll labelled LAUGUL ZUNI.
   837 | D:1      | 837 ||| READING scroll labelled DUFFA YCOB.
  1060 | D:2      | 1060 ||| Stepping ~*~*~tactically~*~*~ (stealth).
  1074 | D:2      | Reached XP level 4. HP: 26/28 MP: 4/4
  1241 | D:2      | 1241 ||| Stepping ~*~*~tactically~*~*~ (hiding).
  1707 | D:2      | Found a hide-covered altar of Uskayaw.
  2023 | D:2      | 2023 ||| UPGRADING to ring of protection from fire.
  2024 | D:2      | 2024 ||| READING scroll labelled GYGOTH CEAGYKO.
  2025 | D:2      | 2025 ||| READING scroll labelled ASTRIA KE GYWEW.
  2026 | D:2      | 2026 ||| READING scroll labelled SYSULI BISS.
  2027 | D:2      | 2027 ||| DRINKING 3 glowing green potions.
  2028 | D:2      | 2028 ||| DRINKING 2 bubbling clear potions.
  2029 | D:2      | 2029 ||| DROPPING potion of flight.
  2047 | D:2      | 2047 ||| READING scroll labelled KIV SOILASTRI.
  2055 | D:3      | Found a faded altar of an unknown god.
  2120 | D:3      | Identified the ring "Hapaetee" {rF+ rC- EV+4 Dex+8}
  2161 | D:3      | Reached XP level 5. HP: 23/32 MP: 5/5
  2259 | D:3      | 2259 ||| DROPPING +0 club.
  2422 | D:3      | Found a blossoming altar of Fedhas.
  2425 | D:3      | Found a sacrificial altar of Ru.
  2532 | D:3      | Found Tagaj's Armour Shop.
  2637 | D:3      | Found a runed translucent door.
  2638 | D:3      | Noticed Crazy Yiuf
  2695 | D:3      | 2695 ||| UPGRADING to +0 pair of gloves.
  2700 | D:3      | 2700 ||| UPGRADING to ring "Hapaetee" {rF+ rC- EV+4 Dex+8}.
  2701 | D:3      | 2701 ||| DROPPING ring of fire.
  2702 | D:3      | 2702 ||| READING scroll labelled BIRRIV VEITOM.
  2750 | D:3      | 2750 ||| READING scroll labelled ZYEL AWATSUP.
  2751 | D:3      | 2751 ||| DRINKING 4 cyan potions.
  2794 | D:4      | 2794 ||| READING scroll of enchant weapon.
  2794 | D:4      | 2794 ||| ENCHANTING +1 war axe.
  2846 | D:4      | Reached skill level 1 in Dodging
  2863 | D:4      | Reached XP level 6. HP: 37/37 MP: 6/6
  2931 | D:4      | Found a transporter.
  2933 | D:4      | Noticed qw's ghost (weakling GrDe)
  2937 | D:4      | Noticed a water moccasin
  2938 | D:4      | 2938 ||| Stepping randomly (stuck).
  2939 | D:4      | 2939 ||| Stepping randomly (stuck).
  2950 | D:4      | Killed a water moccasin
  3058 | D:4      | Found a transporter.
  3168 | D:4      | 3168 ||| DROPPING +0 whip.
  3174 | D:4      | Reached XP level 7. HP: 44/44 MP: 7/7
  3223 | D:4      | 3223 ||| Stepping ~*~*~tactically~*~*~ (hiding).
  3224 | D:4      | 3224 ||| Stepping ~*~*~tactically~*~*~ (hiding).
  3287 | D:4      | 3287 ||| Stepping ~*~*~tactically~*~*~ (stealth).
  3355 | D:4      | Identified the ring of Perfectionism {rElec rC+ Int+6 Dex+4
                  | Slay+3}
  3374 | D:4      | 3374 ||| Stepping ~*~*~tactically~*~*~ (hiding).
  3410 | D:4      | Noticed Pargi
  3418 | D:4      | Killed Pargi
  3422 | D:4      | Found a glowing golden altar of the Shining One.
  3544 | D:4      | Reached skill level 6 in Axes
  3663 | D:4      | 3663 ||| UPGRADING to +4 ring of evasion.
  3665 | D:4      | 3665 ||| UPGRADING to ring of Perfectionism {rElec rC+
                  | Int+6 Dex+4 Slay+3}.
  3667 | D:4      | 3667 ||| DROPPING +4 ring of evasion.
  3668 | D:4      | 3668 ||| READING scroll labelled ZIZUOP PUIBB.
  3669 | D:4      | 3669 ||| DRINKING 2 sedimented grey potions.
  3670 | D:4      | 3670 ||| READING 2 scrolls of identify.
  3670 | D:4      | 3670 ||| IDENTIFYING emerald potion
  3671 | D:4      | 3671 ||| DROPPING potion of degeneration.
  3705 | D:5      | Entered Level 5 of the Dungeon
  3750 | D:5      | Identified the +0 robe of Follow the Leader {Int+9}
  3831 | D:5      | 3831 ||| Stepping ~*~*~tactically~*~*~ (stealth).
  3867 | D:5      | Reached skill level 1 in Throwing
  4233 | D:5      | Reached XP level 8. HP: 25/48 MP: 8/8
  4458 | D:5      | HP: 7/49 [centaur/arrow (7)]
  4459 | D:5      | 4459 ||| READING 2 scrolls of teleportation.
  4460 | D:5      | 4460 ||| DRINKING 3 potions of heal wounds.
  4461 | D:5      | 4461 ||| DRINKING 2 potions of heal wounds.
  4542 | D:5      | 4542 ||| DROPPING +6 ring of strength.
  4543 | D:5      | 4543 ||| READING scroll labelled UHIBOU MEOS.
  4544 | D:5      | 4544 ||| READING 2 scrolls of identify.
  4544 | D:5      | 4544 ||| IDENTIFYING brown potion
  4591 | D:6      | 4591 ||| Stepping ~*~*~tactically~*~*~ (hiding).
  4699 | D:6      | Found a blossoming altar of Fedhas.
  4700 | D:6      | 4700 ||| Stepping ~*~*~tactically~*~*~ (stealth).
  4709 | D:6      | Reached skill level 6 in Fighting
  4786 | D:6      | 4786 ||| Stepping ~*~*~tactically~*~*~ (stealth).
  4789 | D:6      | 4789 ||| Stepping ~*~*~tactically~*~*~ (stealth).
  4792 | D:6      | 4792 ||| Stepping ~*~*~tactically~*~*~ (hiding).
  4808 | D:6      | 4808 ||| DRINKING 4 potions of curing.
  4808 | D:6      | 4808 ||| (to cure confusion)
  4934 | D:6      | 4934 ||| Stepping ~*~*~tactically~*~*~ (stealth).
  4935 | D:6      | 4935 ||| Stepping ~*~*~tactically~*~*~ (stealth).
  4936 | D:6      | 4936 ||| Stepping ~*~*~tactically~*~*~ (stealth).
  4947 | D:6      | Reached XP level 9. HP: 55/55 MP: 9/9
  4983 | D:6      | 4983 ||| Stepping ~*~*~tactically~*~*~ (stealth).
  5174 | D:6      | Reached skill level 9 in Axes
  5390 | D:6      | Noticed Duvessa
  5396 | D:6      | Noticed Dowan
  5402 | D:6      | Killed Duvessa
  5424 | D:6      | Killed Dowan
  5425 | D:6      | Found Eveiremm's Overcharged Wands.
  5431 | D:6      | 5431 ||| DROPPING +1 whip of venom.
  5435 | D:6      | 5435 ||| SHOPLISTING wand of digging (11) (693 gold, have
                  | 413).
  5437 | D:6      | 5437 ||| Stepping ~*~*~tactically~*~*~ (stealth).
  5438 | D:6      | 5438 ||| Stepping ~*~*~tactically~*~*~ (stealth).
  5440 | D:6      | 5440 ||| Stepping ~*~*~tactically~*~*~ (stealth).
  5444 | D:6      | 5444 ||| Stepping ~*~*~tactically~*~*~ (stealth).
  5456 | D:6      | Found a bloodstained altar of Trog.
  5509 | D:6      | 5509 ||| Stepping ~*~*~tactically~*~*~ (hiding).
  5521 | D:6      | 5521 ||| DROPPING +2 mace of protection.
  5663 | D:6      | 5663 ||| UPGRADING to +0 plate armour.
  5673 | D:6      | 5673 ||| DROPPING +0 chain mail.
  5741 | D:7      | 5741 ||| Stepping ~*~*~tactically~*~*~ (hiding).
  5811 | D:7      | 5811 ||| Stepping ~*~*~tactically~*~*~ (hiding).
  5820 | D:7      | 5820 ||| Stepping ~*~*~tactically~*~*~ (stealth).
  5963 | D:7      | Found a burning altar of Makhleb.
  6018 | D:7      | Found a staircase to the Ecumenical Temple.
  6019 | D:7      | 6019 ||| PLANNING TEMPLE
  6019 | D:7      | 6019 ||| DROPPING ring of see invisible.
  6020 | D:7      | 6020 ||| READING scroll labelled CAOGRIRCH GYRY.
  6128 | Temple   | Entered the Ecumenical Temple
  6255 | Temple   | 6255 ||| PLANNING D:1-11
  6321 | Temple   | Became a worshipper of Warmaster Okawaru
  6343 | D:7      | Noticed Menkaure
  6344 | D:7      | 6344 ||| Stepping ~*~*~tactically~*~*~ (hiding).
  6348 | D:7      | 6348 ||| Stepping ~*~*~tactically~*~*~ (hiding).
  6354 | D:7      | Killed Menkaure
  6355 | D:7      | Reached skill level 6 in Armour
  6457 | D:7      | 6457 ||| DROPPING +0 flail.
  6462 | D:7      | 6462 ||| Stepping ~*~*~tactically~*~*~ (hiding).
  6675 | D:7      | 6675 ||| READING scroll labelled REURUY UFEXAHA.
  6676 | D:7      | 6676 ||| DRINKING 2 sedimented emerald potions.
  6684 | D:8      | 6684 ||| STAIRDANCE
  6691 | D:7      | Reached * piety under Okawaru
  6692 | D:7      | Reached XP level 10. HP: 35/63 MP: 10/10
  6830 | D:8      | 6830 ||| STAIRDANCE
  6835 | D:7      | Reached skill level 1 in Invocations
  6845 | D:7      | Reached skill level 3 in Dodging
  6902 | D:8      | 6902 ||| Stepping ~*~*~tactically~*~*~ (stealth).
  6935 | D:8      | Reached skill level 3 in Invocations
  7065 | D:8      | 7065 ||| Stepping ~*~*~tactically~*~*~ (hiding).
  7154 | D:8      | 7154 ||| INVOKING Heroism.
  7172 | D:8      | 7172 ||| Stepping ~*~*~tactically~*~*~ (stealth).
  7174 | D:8      | 7174 ||| Stepping ~*~*~tactically~*~*~ (stealth).
  7194 | D:8      | Reached ** piety under Okawaru
  7286 | D:8      | 7286 ||| INVOKING Heroism.
  7300 | D:8      | HP: 6/64 [yak (13)]
  7301 | D:8      | 7301 ||| READING 2 scrolls of teleportation.
  7302 | D:8      | 7302 ||| DRINKING 2 potions of heal wounds.
  7304 | D:8      | 7304 ||| DRINKING potion of heal wounds.
  7310 | D:8      | HP: 10/64 [something (12)]
  7311 | D:8      | 7311 ||| READING scroll of teleportation.
  7312 | D:8      | HP: 4/64 [something (5)]
  7625 | D:8      | 7625 ||| Stepping ~*~*~tactically~*~*~ (stealth).
  7628 | D:8      | 7628 ||| INVOKING Heroism.
  7646 | D:8      | 7646 ||| READING scroll of enchant weapon.
  7646 | D:8      | 7646 ||| ENCHANTING +2 war axe of chaos.
  8046 | D:9      | 8046 ||| INVOKING Heroism.
  8117 | D:9      | 8117 ||| SWAPPING to +0 broad axe.
  8123 | D:9      | 8123 ||| INVOKING Heroism.
  8133 | D:9      | Reached *** piety under Okawaru
  8134 | D:9      | Received a gift from Okawaru
  8182 | D:9      | 8182 ||| DROPPING +3 war axe of chaos.
  8207 | D:9      | 8207 ||| INVOKING Heroism.
  8298 | D:9      | 8298 ||| INVOKING Heroism.
  8301 | D:9      | Reached XP level 11. HP: 66/68 MP: 11/14
  8797 | D:9      | Identified the +1 war axe of Isahumea {pain, rF+ Will-
                  | rCorr Str+3}
  8841 | D:9      | 8841 ||| READING scroll labelled ZILINT BODWUZA.
  8842 | D:9      | 8842 ||| READING scroll labelled QOYRI ILLEFY.
  8940 | D:10     | Entered Level 10 of the Dungeon
  8940 | D:10     | Noticed Psyche
  8941 | D:10     | 8941 ||| STAIRDANCE
  9043 | D:10     | 9043 ||| INVOKING Heroism.
  9046 | D:10     | Killed Psyche
  9143 | D:10     | Reached skill level 9 in Fighting
  9190 | D:10     | 9190 ||| READING scroll of enchant armour.
  9190 | D:10     | 9190 ||| ENCHANTING +0 pair of gloves.
  9248 | D:10     | Found a staircase to the Lair.
  9263 | D:10     | 9263 ||| Stepping randomly (disturbance).
  9448 | D:10     | Identified the +2 cloak of Disappointment {rF+ rN+ Int-2}
  9537 | D:10     | Found a snail-covered altar of Cheibriados.
  9565 | D:10     | Noticed a two-headed ogre
  9566 | D:10     | 9566 ||| INVOKING Heroism.
  9576 | D:10     | Killed a two-headed ogre
  9797 | D:10     | 9797 ||| Stepping ~*~*~tactically~*~*~ (stealth).
  9800 | D:10     | 9800 ||| INVOKING Heroism.
  9811 | D:10     | Reached **** piety under Okawaru
  9830 | D:10     | Noticed an obsidian statue
  9831 | D:10     | 9831 ||| INVOKING Heroism.
  9851 | D:10     | 9851 ||| INVOKING Heroism.
  9871 | D:10     | 9871 ||| INVOKING Heroism.
  9874 | D:10     | Noticed a sixfirhy
  9888 | D:10     | HP: 17/71 [ice devil[an obsidian statue] (9)]
  9888 | D:10     | HP: 8/71 [ice devil[an obsidian statue] (9)]
  9889 | D:10     | 9889 ||| READING 3 scrolls of teleportation.
  9890 | D:10     | 9890 ||| INVOKING Heroism.
 10231 | D:10     | 10231 ||| PLANNING LAIR
 10231 | D:10     | 10231 ||| UPGRADING to +0 cloak.
 10236 | D:10     | 10236 ||| UPGRADING to +2 cloak of Disappointment {rF+ rN+
                  | Int-2}.
 10246 | D:10     | 10246 ||| DROPPING +0 cloak.
 10247 | D:10     | 10247 ||| DROPPING ring of ice.
 10248 | D:10     | 10248 ||| READING 2 scrolls of identify.
 10248 | D:10     | 10248 ||| IDENTIFYING viscous blue potion
 10275 | Lair:1   | Entered Level 1 of the Lair of Beasts
 10321 | Lair:1   | Noticed a catoblepas
 10322 | Lair:1   | 10322 ||| INVOKING Heroism.
 10333 | Lair:1   | Killed a catoblepas
 10368 | Lair:1   | 10368 ||| INVOKING Heroism.
 10450 | Lair:1   | Noticed a boulder beetle
 10451 | Lair:1   | 10451 ||| INVOKING Heroism.
 10474 | Lair:1   | 10474 ||| INVOKING Heroism.
 10488 | Lair:1   | Killed a boulder beetle
 10489 | Lair:1   | Reached skill level 12 in Axes
 10987 | Lair:2   | Noticed an oklob plant
 10987 | Lair:2   | Noticed Amaemon
 10988 | Lair:2   | 10988 ||| INVOKING Heroism.
 11007 | Lair:2   | Killed Amaemon
 11008 | Lair:2   | Reached skill level 6 in Shields
 11008 | Lair:2   | Reached skill level 6 in Invocations
 11048 | Lair:2   | 11048 ||| INVOKING Heroism.
 11067 | Lair:2   | 11067 ||| DROPPING +3 flail.
 11198 | Lair:2   | Noticed Gastronok
 11199 | Lair:2   | 11199 ||| Stepping ~*~*~tactically~*~*~ (hiding).
 11200 | Lair:2   | 11200 ||| Stepping ~*~*~tactically~*~*~ (hiding).
 11210 | Lair:2   | 11210 ||| INVOKING Heroism.
 11224 | Lair:2   | Killed Gastronok
 11224 | Lair:2   | Reached ***** piety under Okawaru
 11225 | Lair:2   | Reached XP level 12. HP: 42/76 MP: 14/17
 11446 | Lair:2   | 11446 ||| INVOKING Heroism.
 11551 | Lair:2   | 11551 ||| INVOKING Heroism.
 11693 | Lair:2   | 11693 ||| READING scroll of enchant weapon.
 11693 | Lair:2   | 11693 ||| ENCHANTING +0 broad axe.
 11931 | Lair:2   | 11931 ||| UPGRADING to +0 helmet.
 11936 | Lair:2   | 11936 ||| DROPPING amulet of faith.
 11937 | Lair:2   | 11937 ||| READING scroll labelled SASUARRINTI.
 11937 | Lair:2   | Identified a scroll of acquirement
 11937 | Lair:2   | 11937 ||| ACQUIRING +1 pair of boots of the Hurricane
                  | {Rampage rPois Str+4 Dex+4}
 11937 | Lair:2   | Acquired the +1 pair of boots of the Hurricane {Rampage
                  | rPois Str+4 Dex+4}
 11939 | Lair:2   | 11939 ||| UPGRADING to +1 pair of boots of the Hurricane
                  | {Rampage rPois Str+4 Dex+4}.
 11944 | Lair:2   | 11944 ||| READING 2 scrolls of identify.
 11944 | Lair:2   | 11944 ||| IDENTIFYING ruby potion
 11962 | Lair:3   | 11962 ||| Stepping ~*~*~tactically~*~*~ (stealth).
 11964 | Lair:3   | 11964 ||| INVOKING Heroism.
 11965 | Lair:3   | 11965 ||| Stepping ~*~*~tactically~*~*~ (stealth).
 11988 | Lair:3   | 11988 ||| Stepping ~*~*~tactically~*~*~ (stealth).
 12104 | Lair:3   | Found a staircase to the Shoals.
 12106 | Lair:3   | 12106 ||| Stepping ~*~*~tactically~*~*~ (hiding).
 12115 | Lair:3   | Reached skill level 9 in Armour
 12269 | Lair:3   | Received a gift from Okawaru
 12441 | Lair:3   | 12441 ||| Stepping ~*~*~tactically~*~*~ (stealth).
 12444 | Lair:3   | 12444 ||| INVOKING Heroism.
 12478 | Lair:3   | Found a dark tunnel.
 12487 | Lair:3   | Reached skill level 9 in Invocations
 12503 | Lair:3   | Noticed Fannar
 12507 | Lair:3   | 12507 ||| INVOKING Heroism.
 12520 | Lair:3   | Killed Fannar
 12705 | Lair:3   | 12705 ||| INVOKING Heroism.
 12866 | Lair:3   | 12866 ||| READING scroll of enchant weapon.
 12866 | Lair:3   | 12866 ||| ENCHANTING +1 broad axe.
 13064 | Lair:3   | 13064 ||| READING scroll of brand weapon.
 13064 | Lair:3   | 13064 ||| BRANDING +2 broad axe.
 13199 | Lair:3   | 13199 ||| INVOKING Heroism.
 13216 | Lair:3   | Received a gift from Okawaru
 13307 | Lair:3   | Found a staircase to the Snake Pit.
 13694 | Lair:3   | 13694 ||| DROPPING +2 cloak.
 13695 | Lair:3   | 13695 ||| READING 2 scrolls of identify.
 13695 | Lair:3   | 13695 ||| IDENTIFYING fuming puce potion
 13696 | Lair:3   | 13696 ||| DRINKING potion of experience.
 13696 | Lair:3   | Reached XP level 13. HP: 82/82 MP: 20/20
 13795 | Lair:4   | 13795 ||| INVOKING Heroism.
 13796 | Lair:4   | 13796 ||| STAIRDANCE
 13801 | Lair:3   | Gained mutation: Your large and strong wings let you fly.
                  | [Gargoyle growth]
 13801 | Lair:3   | Reached XP level 14. HP: 73/88 MP: 19/21
 13869 | Lair:4   | 13869 ||| STAIRDANCE
 13959 | Lair:4   | 13959 ||| Stepping ~*~*~tactically~*~*~ (hiding).
 14085 | Lair:4   | 14085 ||| Stepping ~*~*~tactically~*~*~ (stealth).
 14086 | Lair:4   | 14086 ||| INVOKING Heroism.
 14112 | Lair:4   | 14112 ||| INVOKING Finesse.
 14133 | Lair:4   | 14133 ||| INVOKING Heroism.
 14263 | Lair:4   | 14263 ||| Stepping ~*~*~tactically~*~*~ (stealth).
 14264 | Lair:4   | 14264 ||| Stepping ~*~*~tactically~*~*~ (stealth).
 14275 | Lair:4   | 14275 ||| INVOKING Heroism.
 14441 | Lair:4   | Found a staircase to the Slime Pits.
 14442 | Lair:4   | Found a viscous altar of Jiyva.
 14501 | Lair:4   | 14501 ||| READING scroll of brand weapon.
 14501 | Lair:4   | 14501 ||| BRANDING +2 broad axe of venom.
 14530 | Lair:4   | 14530 ||| INVOKING Heroism.
 14725 | Lair:4   | 14725 ||| DROPPING scarf of harm.
 14726 | Lair:4   | 14726 ||| DRINKING 3 metallic blue potions.
 14781 | Lair:5   | Entered Level 5 of the Lair of Beasts
 14784 | Lair:5   | 14784 ||| STAIRDANCE
 14791 | Lair:5   | Received a gift from Okawaru
 14811 | Lair:5   | 14811 ||| INVOKING Heroism.
 14812 | Lair:5   | 14812 ||| INVOKING Finesse.
 14814 | Lair:5   | 14814 ||| SWAPPING to -1 demon whip of venom.
 14822 | Lair:5   | 14822 ||| SWAPPING to +2 broad axe of freezing.
 14903 | Lair:5   | 14903 ||| INVOKING Heroism.
 15040 | Lair:5   | Received a gift from Okawaru
 15074 | Lair:5   | 15074 ||| DROPPING +4 morningstar of holy wrath.
 15084 | Lair:5   | 15084 ||| Stepping ~*~*~tactically~*~*~ (stealth).
 15085 | Lair:5   | 15085 ||| Stepping ~*~*~tactically~*~*~ (stealth).
 15087 | Lair:5   | 15087 ||| Stepping ~*~*~tactically~*~*~ (stealth).
 15091 | Lair:5   | 15091 ||| INVOKING Heroism.
 15318 | Lair:5   | 15318 ||| INVOKING Heroism.
 15371 | Lair:5   | 15371 ||| READING scroll of enchant armour.
 15371 | Lair:5   | 15371 ||| ENCHANTING +1 pair of gloves.
 15405 | Lair:5   | 15405 ||| Stepping ~*~*~tactically~*~*~ (stealth).
 15445 | Lair:5   | 15445 ||| Stepping ~*~*~tactically~*~*~ (hiding).
 15457 | Lair:5   | 15457 ||| Stepping ~*~*~tactically~*~*~ (stealth).
 15470 | Lair:5   | 15470 ||| Stepping ~*~*~tactically~*~*~ (stealth).
 15479 | Lair:5   | 15479 ||| Stepping ~*~*~tactically~*~*~ (stealth).
 15480 | Lair:5   | 15480 ||| Stepping ~*~*~tactically~*~*~ (stealth).
 15483 | Lair:5   | 15483 ||| Stepping ~*~*~tactically~*~*~ (stealth).
 15489 | Lair:5   | 15489 ||| INVOKING Heroism.
 15502 | Lair:5   | 15502 ||| Stepping ~*~*~tactically~*~*~ (stealth).
 15529 | Lair:5   | 15529 ||| INVOKING Heroism.
 15552 | Lair:5   | 15552 ||| Stepping ~*~*~tactically~*~*~ (hiding).
 15569 | Lair:5   | 15569 ||| Stepping ~*~*~tactically~*~*~ (stealth).
 15601 | Lair:5   | 15601 ||| Stepping ~*~*~tactically~*~*~ (hiding).
 15606 | Lair:5   | 15606 ||| INVOKING Heroism.
 15608 | Lair:5   | Reached skill level 15 in Axes
 15609 | Lair:5   | Identified the +3 pair of boots of Fucoirru {Regen+}
                  | (Okawaru gifted it to you on level 5 of the Lair of Beasts)
 15609 | Lair:5   | Received a gift from Okawaru
 15660 | Lair:5   | 15660 ||| Stepping ~*~*~tactically~*~*~ (stealth).
 15689 | Lair:5   | 15689 ||| Stepping ~*~*~tactically~*~*~ (stealth).
 15692 | Lair:5   | 15692 ||| INVOKING Heroism.
 15769 | Lair:5   | 15769 ||| Stepping ~*~*~tactically~*~*~ (stealth).
 15772 | Lair:5   | 15772 ||| Stepping ~*~*~tactically~*~*~ (stealth).
 15775 | Lair:5   | 15775 ||| INVOKING Heroism.
 15777 | Lair:5   | Reached skill level 6 in Dodging
 15800 | Lair:5   | 15800 ||| INVOKING Finesse.
 15807 | Lair:5   | 15807 ||| SWAPPING to -1 demon whip of venom.
 15814 | Lair:5   | 15814 ||| SWAPPING to +2 broad axe of freezing.
 15855 | Lair:5   | 15855 ||| INVOKING Heroism.
 15881 | Lair:5   | 15881 ||| READING scroll of enchant armour.
 15881 | Lair:5   | 15881 ||| ENCHANTING +0 helmet.
 16009 | Lair:5   | 16009 ||| INVOKING Heroism.
 16096 | Lair:5   | 16096 ||| Stepping ~*~*~tactically~*~*~ (hiding).
 16097 | Lair:5   | 16097 ||| Stepping ~*~*~tactically~*~*~ (hiding).
 16099 | Lair:5   | 16099 ||| Stepping ~*~*~tactically~*~*~ (hiding).
 16100 | Lair:5   | 16100 ||| INVOKING Heroism.
 16101 | Lair:5   | 16101 ||| SWAPPING to -1 demon whip of venom.
 16102 | Lair:5   | 16102 ||| INVOKING Finesse.
 16113 | Lair:5   | 16113 ||| Stepping ~*~*~tactically~*~*~ (outnumbered).
 16114 | Lair:5   | 16114 ||| Stepping ~*~*~tactically~*~*~ (outnumbered).
 16115 | Lair:5   | 16115 ||| Stepping ~*~*~tactically~*~*~ (outnumbered).
 16125 | Lair:5   | Reached skill level 12 in Fighting
 16125 | Lair:5   | 16125 ||| SWAPPING to +2 broad axe of freezing.
 16139 | Lair:5   | Reached XP level 15. HP: 67/96 MP: 16/22
 16270 | Lair:5   | 16270 ||| Stepping ~*~*~tactically~*~*~ (hiding).
 16395 | Lair:5   | 16395 ||| Stepping ~*~*~tactically~*~*~ (stealth).
 16396 | Lair:5   | 16396 ||| Stepping ~*~*~tactically~*~*~ (hiding).
 16397 | Lair:5   | 16397 ||| Stepping ~*~*~tactically~*~*~ (hiding).
 16398 | Lair:5   | 16398 ||| INVOKING Heroism.
 16399 | Lair:5   | 16399 ||| SWAPPING to -1 demon whip of venom.
 16400 | Lair:5   | 16400 ||| INVOKING Finesse.
 16405 | Lair:5   | 16405 ||| SWAPPING to +2 broad axe of freezing.
 16673 | Lair:5   | 16673 ||| PLANNING D:1-11
 16673 | Lair:5   | 16673 ||| DROPPING +3 pair of boots of Fucoirru {Regen+}.
 16674 | Lair:5   | 16674 ||| DROPPING ring of willpower.
 16675 | Lair:5   | 16675 ||| READING scroll labelled VIVEMY YCWOLUULEMN.
 16676 | Lair:5   | 16676 ||| READING 2 scrolls of identify.
 16676 | Lair:5   | 16676 ||| IDENTIFYING yellow potion
 16677 | Lair:5   | 16677 ||| DROPPING potion of ambrosia.
 16925 | D:11     | 16925 ||| INVOKING Heroism.
 16926 | D:11     | 16926 ||| Stepping ~*~*~tactically~*~*~ (hiding).
 16928 | D:11     | 16928 ||| Stepping ~*~*~tactically~*~*~ (hiding).
 16954 | D:11     | 16954 ||| Stepping ~*~*~tactically~*~*~ (hiding).
 17062 | D:11     | 17062 ||| INVOKING Heroism.
 17063 | D:11     | 17063 ||| INVOKING Finesse.
 17359 | D:11     | 17359 ||| Stepping ~*~*~tactically~*~*~ (hiding).
 17360 | D:11     | 17360 ||| INVOKING Heroism.
 17363 | D:11     | 17363 ||| SWAPPING to -1 demon whip of venom.
 17374 | D:11     | 17374 ||| SWAPPING to +2 broad axe of freezing.
 17381 | D:11     | 17381 ||| Stepping ~*~*~tactically~*~*~ (hiding).
 17391 | D:11     | 17391 ||| READING 2 scrolls of identify.
 17391 | D:11     | 17391 ||| IDENTIFYING viscous yellow potion
 17409 | D:11     | 17409 ||| READING scroll of acquirement.
 17409 | D:11     | 17409 ||| ACQUIRING amulet of Anarchy {Acrobat Fly rF+}
 17409 | D:11     | Acquired the amulet of Anarchy {Acrobat Fly rF+}
 17411 | D:11     | 17411 ||| UPGRADING to amulet of Anarchy {Acrobat Fly rF+}.
 17673 | D:11     | 17673 ||| PLANNING D
 17739 | D:12     | 17739 ||| Stepping ~*~*~tactically~*~*~ (stealth).
 17761 | D:12     | 17761 ||| INVOKING Heroism.
 17994 | D:12     | Identified the +8 broad axe of Xoafo {vorpal, Fly rElec
                  | Str+2 Int+4}
 17996 | D:12     | 17996 ||| SWAPPING to +8 broad axe of Xoafo {vorpal, Fly
                  | rElec Str+2 Int+4}.
 17997 | D:12     | 17997 ||| DROPPING +1 war axe of Isahumea {pain, rF+ Will-
                  | rCorr Str+3}.
 17998 | D:12     | 17998 ||| DROPPING +2 broad axe of freezing.
 18022 | D:12     | 18022 ||| INVOKING Heroism.
 18236 | D:12     | Found a staircase to the Orcish Mines.
 18237 | D:12     | 18237 ||| INVOKING Heroism.
 18464 | D:12     | 18464 ||| Stepping ~*~*~tactically~*~*~ (hiding).
 18466 | D:12     | 18466 ||| Stepping ~*~*~tactically~*~*~ (hiding).
 18487 | D:12     | 18487 ||| Stepping ~*~*~tactically~*~*~ (stealth).
 18600 | D:12     | 18600 ||| Stepping ~*~*~tactically~*~*~ (stealth).
 18672 | D:12     | 18672 ||| FLEEEEING.
 18674 | D:12     | 18674 ||| FLEEEEING.
 18675 | D:12     | 18675 ||| FLEEEEING.
 18676 | D:12     | 18676 ||| FLEEEEING.
 18677 | D:12     | 18677 ||| FLEEEEING.
 18678 | D:12     | 18678 ||| FLEEEEING.
 18679 | D:12     | 18679 ||| FLEEEEING.
 18680 | D:12     | 18680 ||| FLEEEEING.
 18681 | D:12     | 18681 ||| FLEEEEING.
 18682 | D:12     | 18682 ||| FLEEEEING.
 18683 | D:12     | 18683 ||| FLEEEEING.
 18684 | D:12     | 18684 ||| FLEEEEING.
 18685 | D:12     | 18685 ||| FLEEEEING.
 18686 | D:12     | 18686 ||| FLEEEEING.
 18687 | D:12     | 18687 ||| FLEEEEING.
 18688 | D:12     | 18688 ||| FLEEEEING.
 18689 | D:12     | 18689 ||| FLEEEEING.
 18690 | D:12     | 18690 ||| FLEEEEING.
 18691 | D:12     | 18691 ||| FLEEEEING.
 18692 | D:12     | 18692 ||| FLEEEEING.
 18693 | D:12     | 18693 ||| FLEEEEING.
 18694 | D:12     | 18694 ||| FLEEEEING.
 18695 | D:12     | 18695 ||| FLEEEEING.
 18696 | D:12     | 18696 ||| FLEEEEING.
 18699 | D:12     | 18699 ||| FLEEEEING.
 18700 | D:12     | 18700 ||| STAIRDANCE
 18725 | D:11     | 18725 ||| DROPPING +1 helmet.
 18726 | D:11     | 18726 ||| UPGRADING to +1 kite shield of protection.
 18736 | D:11     | 18736 ||| DROPPING +0 buckler.
 18741 | D:12     | 18741 ||| Stepping ~*~*~tactically~*~*~ (hiding).
 19120 | D:13     | 19120 ||| Stepping ~*~*~tactically~*~*~ (stealth).
 19126 | D:13     | 19126 ||| INVOKING Heroism.
 19136 | D:13     | Reached skill level 9 in Shields
 19145 | D:13     | Paralysed by an ogre mage for 5 turns
 19154 | D:13     | 19154 ||| Stepping ~*~*~tactically~*~*~ (hiding).
 19198 | D:13     | 19198 ||| Stepping ~*~*~tactically~*~*~ (stealth).
 19270 | D:13     | 19270 ||| Stepping ~*~*~tactically~*~*~ (stealth).
 19271 | D:13     | 19271 ||| Stepping ~*~*~tactically~*~*~ (stealth).
 19286 | D:13     | Found a gate to the Vaults.
 19310 | D:13     | 19310 ||| Stepping ~*~*~tactically~*~*~ (hiding).
 19311 | D:13     | 19311 ||| Stepping ~*~*~tactically~*~*~ (hiding).
 19798 | D:13     | 19798 ||| INVOKING Heroism.
 19800 | D:13     | Received a gift from Okawaru
 20029 | D:13     | 20029 ||| DROPPING amulet of guardian spirit.
 20030 | D:13     | 20030 ||| READING 2 scrolls of identify.
 20030 | D:13     | 20030 ||| IDENTIFYING silvery potion
 20031 | D:13     | 20031 ||| DROPPING potion of invisibility.
 20060 | D:14     | 20060 ||| Stepping ~*~*~tactically~*~*~ (hiding).
 20063 | D:14     | 20063 ||| INVOKING Heroism.
 20230 | D:14     | 20230 ||| INVOKING Heroism.
 20304 | D:14     | 20304 ||| Stepping ~*~*~tactically~*~*~ (stealth).
 20307 | D:14     | 20307 ||| Stepping ~*~*~tactically~*~*~ (stealth).
 20432 | D:14     | 20432 ||| INVOKING Heroism.
 20440 | D:14     | Reached skill level 12 in Shields
 20463 | D:14     | 20463 ||| INVOKING Heroism.
 20497 | D:14     | 20497 ||| FLEEEEING.
 20498 | D:14     | 20498 ||| FLEEEEING.
 20620 | D:14     | Found a frozen archway.
 20638 | D:14     | Reached skill level 12 in Armour
 20638 | D:14     | Reached XP level 16. HP: 101/101 MP: 23/23
 20646 | D:14     | Identified the +0 cloak of the Comet {rPois} (Okawaru
                  | gifted it to you on level 14 of the Dungeon)
 20646 | D:14     | Received a gift from Okawaru
 20737 | D:14     | 20737 ||| Stepping ~*~*~tactically~*~*~ (stealth).
 20877 | D:14     | 20877 ||| Stepping ~*~*~tactically~*~*~ (hiding).
 20878 | D:14     | 20878 ||| INVOKING Heroism.
 20879 | D:14     | 20879 ||| INVOKING Finesse.
 20881 | D:14     | 20881 ||| SWAPPING to -1 demon whip of venom.
 20889 | D:14     | 20889 ||| SWAPPING to +8 broad axe of Xoafo {vorpal, Fly
                  | rElec Str+2 Int+4}.
 20895 | D:14     | 20895 ||| Stepping ~*~*~tactically~*~*~ (hiding).
 20899 | D:14     | 20899 ||| Stepping ~*~*~tactically~*~*~ (stealth).
 20907 | D:14     | 20907 ||| Stepping ~*~*~tactically~*~*~ (hiding).
 20929 | D:14     | 20929 ||| Stepping ~*~*~tactically~*~*~ (stealth).
 20938 | D:14     | 20938 ||| INVOKING Heroism.
 20942 | D:14     | 20942 ||| SWAPPING to -1 demon whip of venom.
 20943 | D:14     | 20943 ||| INVOKING Finesse.
 20950 | D:14     | 20950 ||| SWAPPING to +8 broad axe of Xoafo {vorpal, Fly
                  | rElec Str+2 Int+4}.
 21030 | D:14     | 21030 ||| INVOKING Heroism.
 21032 | D:14     | 21032 ||| INVOKING Finesse.
 21037 | D:14     | 21037 ||| SWAPPING to -1 demon whip of venom.
 21060 | D:14     | 21060 ||| SWAPPING to +8 broad axe of Xoafo {vorpal, Fly
                  | rElec Str+2 Int+4}.
 21068 | D:14     | HP: 20/101 [death knight/+2 halberd of venom (7)]
 21069 | D:14     | 21069 ||| READING 3 scrolls of teleportation.
 21070 | D:14     | 21070 ||| DRINKING 2 potions of heal wounds.
 21177 | D:14     | 21177 ||| Invisible monster not found???
 21417 | D:14     | 21417 ||| Stepping ~*~*~tactically~*~*~ (hiding).
 21441 | D:14     | Identified the ring "Xoduety" {+Blink rF+}
 21501 | D:14     | 21501 ||| Stepping ~*~*~tactically~*~*~ (stealth).
 21503 | D:14     | 21503 ||| Stepping ~*~*~tactically~*~*~ (stealth).
 21615 | D:14     | 21615 ||| DROPPING +0 cloak of the Comet {rPois}.
 21616 | D:14     | 21616 ||| DROPPING ring of protection from fire.
 21617 | D:14     | 21617 ||| READING 4 scrolls of identify.
 21617 | D:14     | 21617 ||| IDENTIFYING blue potion
 21618 | D:14     | 21618 ||| DROPPING potion of brilliance.
 21632 | D:15     | Entered Level 15 of the Dungeon
 21757 | D:15     | 21757 ||| Stepping ~*~*~tactically~*~*~ (hiding).
 21757 | D:15     | Found a staircase to the Depths.
 21758 | D:15     | 21758 ||| INVOKING Heroism.
 21938 | D:15     | Identified the +6 trident of Obsession {venom, +Blink rElec
                  | rCorr Stlth-}
 21943 | D:15     | 21943 ||| INVOKING Heroism.
 21946 | D:15     | 21946 ||| INVOKING Finesse.
 21947 | D:15     | 21947 ||| Stepping ~*~*~tactically~*~*~ (stealth).
 21990 | D:15     | 21990 ||| Stepping ~*~*~tactically~*~*~ (stealth).
 21992 | D:15     | 21992 ||| Stepping ~*~*~tactically~*~*~ (hiding).
 21994 | D:15     | 21994 ||| INVOKING Heroism.
 21995 | D:15     | 21995 ||| Stepping ~*~*~tactically~*~*~ (hiding).
 22032 | D:15     | 22032 ||| INVOKING Finesse.
 22042 | D:15     | 22042 ||| Stepping randomly (disturbance).
 22043 | D:15     | 22043 ||| Stepping randomly (disturbance).
 22044 | D:15     | 22044 ||| SWAPPING to -1 demon whip of venom.
 22046 | D:15     | 22046 ||| INVOKING Heroism.
 22052 | D:15     | 22052 ||| SWAPPING to +8 broad axe of Xoafo {vorpal, Fly
                  | rElec Str+2 Int+4}.
 22357 | D:15     | 22357 ||| FLEEEEING.
 22358 | D:15     | 22358 ||| FLEEEEING.
 22359 | D:15     | 22359 ||| FLEEEEING.
 22360 | D:15     | 22360 ||| FLEEEEING.
 22361 | D:15     | 22361 ||| FLEEEEING.
 22380 | D:15     | 22380 ||| FLEEEEING.
 22382 | D:15     | 22382 ||| FLEEEEING.
 22603 | D:15     | 22603 ||| PLANNING ORC
 22603 | D:15     | 22603 ||| READING scroll labelled PEPSIO PIYLIF.
 22689 | Orc:1    | Entered Level 1 of the Orcish Mines
 22690 | Orc:1    | 22690 ||| INVOKING Heroism.
 22758 | Orc:1    | 22758 ||| Stepping ~*~*~tactically~*~*~ (stealth).
 22760 | Orc:1    | 22760 ||| Stepping ~*~*~tactically~*~*~ (stealth).
 22763 | Orc:1    | 22763 ||| Stepping ~*~*~tactically~*~*~ (stealth).
 22765 | Orc:1    | 22765 ||| Stepping ~*~*~tactically~*~*~ (stealth).
 22781 | Orc:1    | 22781 ||| INVOKING Heroism.
 22784 | Orc:1    | 22784 ||| Stepping ~*~*~tactically~*~*~ (hiding).
 22791 | Orc:1    | 22791 ||| Stepping ~*~*~tactically~*~*~ (hiding).
 22803 | Orc:1    | 22803 ||| Stepping ~*~*~tactically~*~*~ (stealth).
 23043 | Orc:2    | Entered Level 2 of the Orcish Mines
 23044 | Orc:2    | 23044 ||| INVOKING Heroism.
 23045 | Orc:2    | 23045 ||| STAIRDANCE
 23068 | Orc:2    | 23068 ||| STAIRDANCE
 23076 | Orc:2    | 23076 ||| STAIRDANCE
 23078 | Orc:1    | 23078 ||| INVOKING Heroism.
 23221 | Orc:2    | 23221 ||| Stepping ~*~*~tactically~*~*~ (stealth).
 23222 | Orc:2    | 23222 ||| Stepping ~*~*~tactically~*~*~ (stealth).
 23224 | Orc:2    | 23224 ||| Stepping ~*~*~tactically~*~*~ (stealth).
 23225 | Orc:2    | 23225 ||| Stepping ~*~*~tactically~*~*~ (stealth).
 23227 | Orc:2    | 23227 ||| INVOKING Heroism.
 23292 | Orc:2    | 23292 ||| Stepping ~*~*~tactically~*~*~ (stealth).
 23293 | Orc:2    | 23293 ||| Stepping ~*~*~tactically~*~*~ (stealth).
 23294 | Orc:2    | 23294 ||| Stepping ~*~*~tactically~*~*~ (stealth).
 23295 | Orc:2    | 23295 ||| INVOKING Heroism.
 23328 | Orc:2    | 23328 ||| Stepping ~*~*~tactically~*~*~ (stealth).
 23330 | Orc:2    | 23330 ||| Stepping ~*~*~tactically~*~*~ (stealth).
 23333 | Orc:2    | 23333 ||| Stepping ~*~*~tactically~*~*~ (stealth).
 23428 | Orc:2    | 23428 ||| Stepping ~*~*~tactically~*~*~ (stealth).
 23429 | Orc:2    | 23429 ||| Stepping ~*~*~tactically~*~*~ (stealth).
 23433 | Orc:2    | 23433 ||| Stepping ~*~*~tactically~*~*~ (stealth).
 23434 | Orc:2    | 23434 ||| Stepping ~*~*~tactically~*~*~ (stealth).
 23539 | Orc:2    | Received a gift from Okawaru
 23587 | Orc:2    | 23587 ||| Stepping ~*~*~tactically~*~*~ (stealth).
 23592 | Orc:2    | 23592 ||| Stepping ~*~*~tactically~*~*~ (stealth).
 23651 | Orc:2    | 23651 ||| INVOKING Heroism.
 23697 | Orc:2    | Reached skill level 3 in Throwing
 23841 | Orc:2    | 23841 ||| INVOKING Heroism.
 23844 | Orc:2    | Received a gift from Okawaru
 23854 | Orc:2    | Found Nikhliuwe's Antique Armour Boutique.
 23859 | Orc:2    | 23859 ||| BUYING bloodstained plate armour (1036 gold).
 23859 | Orc:2    | Bought a bloodstained plate armour for 1036 gold pieces
 23859 | Orc:2    | Identified the +2 plate armour of Catatonia {Str+6} (You
                  | bought it in a shop on level 2 of the Orcish Mines)
 23859 | Orc:2    | 23859 ||| BUYING glowing plate armour (962 gold).
 23859 | Orc:2    | Bought a glowing plate armour for 962 gold pieces
 23865 | Orc:2    | Found Ehytul's Jewellery Shop.
 23882 | Orc:2    | 23882 ||| SHOPLISTING amulet of regeneration (420 gold,
                  | have 152).
 24004 | Orc:2    | 24004 ||| Stepping ~*~*~tactically~*~*~ (hiding).
 24007 | Orc:2    | 24007 ||| Stepping ~*~*~tactically~*~*~ (hiding).
 24008 | Orc:2    | 24008 ||| Stepping ~*~*~tactically~*~*~ (hiding).
 24009 | Orc:2    | 24009 ||| Stepping ~*~*~tactically~*~*~ (hiding).
 24010 | Orc:2    | 24010 ||| Stepping ~*~*~tactically~*~*~ (hiding).
 24123 | Orc:2    | 24123 ||| Stepping ~*~*~tactically~*~*~ (hiding).
 24125 | Orc:2    | 24125 ||| Stepping ~*~*~tactically~*~*~ (hiding).
 24134 | Orc:2    | 24134 ||| Stepping ~*~*~tactically~*~*~ (stealth).
 24141 | Orc:2    | 24141 ||| INVOKING Heroism.
 24142 | Orc:2    | Found Diokoon's Distillery.
 24271 | Orc:2    | 24271 ||| BUYING 2 potions of might (96 gold).
 24271 | Orc:2    | Bought 2 potions of might for 96 gold pieces
 24271 | Orc:2    | 24271 ||| BUYING potion of curing (36 gold).
 24271 | Orc:2    | Bought a potion of curing for 36 gold pieces
 24271 | Orc:2    | 24271 ||| SHOPLISTING potion of curing (36 gold, have 20).
 24271 | Orc:2    | 24271 ||| SHOPLISTING potion of experience (600 gold, have
                  | 20).
 24271 | Orc:2    | 24271 ||| SHOPLISTING potion of heal wounds (60 gold, have
                  | 20).
 24271 | Orc:2    | 24271 ||| SHOPLISTING potion of might (48 gold, have 20).
 24288 | Orc:2    | 24288 ||| INVOKING Heroism.
 24303 | Orc:2    | Received a gift from Okawaru
 24321 | Orc:2    | 24321 ||| Stepping ~*~*~tactically~*~*~ (hiding).
 24458 | Orc:2    | 24458 ||| INVOKING Heroism.
 24475 | Orc:2    | 24475 ||| Stepping ~*~*~tactically~*~*~ (hiding).
 24477 | Orc:2    | 24477 ||| Stepping ~*~*~tactically~*~*~ (hiding).
 24589 | Orc:2    | 24589 ||| INVOKING Heroism.
 24591 | Orc:2    | Found Hatoihor's Antique Armour Shoppe.
 24607 | Orc:2    | 24607 ||| SHOPLISTING runed scarf (312 gold, have 20).
 24772 | Orc:2    | 24772 ||| INVOKING Heroism.
 24908 | Orc:2    | 24908 ||| INVOKING Heroism.
 24929 | Orc:2    | 24929 ||| Stepping ~*~*~tactically~*~*~ (hiding).
 24971 | Orc:2    | Found a staircase to the Elven Halls.
 25032 | Orc:2    | 25032 ||| UPGRADING to +2 chain mail of cold resistance.
 25042 | Orc:2    | 25042 ||| DROPPING +0 plate armour.
 25043 | Orc:2    | 25043 ||| UPGRADING to +2 plate armour of Catatonia
                  | {Str+6}.
 25053 | Orc:2    | 25053 ||| DROPPING +2 chain mail of cold resistance.
 25054 | Orc:2    | 25054 ||| UPGRADING to +4 plate armour of willpower.
 25118 | Orc:1    | 25118 ||| INVOKING Heroism.
 25267 | Orc:1    | 25267 ||| PLANNING SNAKE:1-3
 25419 | Snake:1  | Entered Level 1 of the Snake Pit
 25420 | Snake:1  | 25420 ||| INVOKING Heroism.
 25425 | Snake:1  | Received a gift from Okawaru
 25426 | Snake:1  | Reached XP level 17. HP: 104/108 MP: 21/24
 25462 | Snake:1  | 25462 ||| Stepping ~*~*~tactically~*~*~ (stealth).
 25463 | Snake:1  | 25463 ||| Stepping ~*~*~tactically~*~*~ (stealth).
 25569 | Snake:1  | 25569 ||| Stepping ~*~*~tactically~*~*~ (hiding).
 25655 | Snake:1  | 25655 ||| Stepping ~*~*~tactically~*~*~ (hiding).
 25667 | Snake:1  | 25667 ||| INVOKING Heroism.
 25706 | Snake:1  | 25706 ||| Stepping ~*~*~tactically~*~*~ (hiding).
 25716 | Snake:1  | 25716 ||| INVOKING Heroism.
 25721 | Snake:1  | Reached skill level 6 in Throwing
 25991 | Snake:1  | Found Feakyf's CLEARANCE SALE!.
 25999 | Snake:1  | 25999 ||| BUYING potion of mutation (16 gold).
 25999 | Snake:1  | Bought a potion of mutation for 16 gold pieces
 26356 | Snake:1  | 26356 ||| UPGRADING to +0 tower shield.
 26366 | Snake:1  | 26366 ||| DROPPING +1 kite shield of protection.
 26448 | Snake:2  | 26448 ||| Stepping ~*~*~tactically~*~*~ (hiding).
 26569 | Snake:2  | 26569 ||| INVOKING Heroism.
 26706 | Snake:2  | 26706 ||| INVOKING Heroism.
 26862 | Snake:2  | 26862 ||| Stepping ~*~*~tactically~*~*~ (hiding).
 26870 | Snake:2  | 26870 ||| INVOKING Heroism.
 26887 | Snake:2  | Received a gift from Okawaru
 26902 | Snake:2  | 26902 ||| Stepping ~*~*~tactically~*~*~ (hiding).
 26904 | Snake:2  | 26904 ||| Stepping ~*~*~tactically~*~*~ (hiding).
 26942 | Snake:2  | 26942 ||| Stepping ~*~*~tactically~*~*~ (hiding).
 26943 | Snake:2  | 26943 ||| Stepping ~*~*~tactically~*~*~ (hiding).
 26944 | Snake:2  | 26944 ||| Stepping ~*~*~tactically~*~*~ (stealth).
 26945 | Snake:2  | 26945 ||| Stepping ~*~*~tactically~*~*~ (hiding).
 26946 | Snake:2  | 26946 ||| Stepping ~*~*~tactically~*~*~ (hiding).
 27008 | Snake:2  | 27008 ||| Stepping ~*~*~tactically~*~*~ (stealth).
 27010 | Snake:2  | 27010 ||| Stepping ~*~*~tactically~*~*~ (stealth).
 27014 | Snake:2  | 27014 ||| Stepping ~*~*~tactically~*~*~ (stealth).
 27017 | Snake:2  | 27017 ||| Stepping ~*~*~tactically~*~*~ (hiding).
 27018 | Snake:2  | 27018 ||| Stepping ~*~*~tactically~*~*~ (hiding).
 27136 | Snake:2  | 27136 ||| DROPPING -1 demon whip of venom.
 27531 | Snake:3  | 27531 ||| INVOKING Heroism.
 27554 | Snake:3  | Reached skill level 15 in Shields
 27584 | Snake:3  | 27584 ||| INVOKING Heroism.
 27623 | Snake:3  | 27623 ||| Stepping ~*~*~tactically~*~*~ (stealth).
 27625 | Snake:3  | 27625 ||| Stepping ~*~*~tactically~*~*~ (stealth).
 27626 | Snake:3  | 27626 ||| INVOKING Heroism.
 27654 | Snake:3  | 27654 ||| Stepping ~*~*~tactically~*~*~ (hiding).
 27666 | Snake:3  | Found Umoc's Antique Armour Emporium.
 27666 | Snake:3  | Found Ossingib's Assorted Antiques.
 27774 | Snake:3  | 27774 ||| FLEEEEING.
 27779 | Snake:3  | 27779 ||| STAIRDANCE
 27887 | Snake:3  | 27887 ||| SHOPLISTING encrusted plate armour (560 gold,
                  | have 200).
 27909 | Snake:3  | 27909 ||| SHOPLISTING pair of embroidered boots (277 gold,
                  | have 200).
 27909 | Snake:3  | 27909 ||| BUYING potion of lignification (111 gold).
 27909 | Snake:3  | Bought a potion of lignification for 111 gold pieces
 27969 | Snake:3  | 27969 ||| Stepping ~*~*~tactically~*~*~ (hiding).
 27990 | Snake:3  | 27990 ||| Stepping ~*~*~tactically~*~*~ (stealth).
 27992 | Snake:3  | 27992 ||| Stepping ~*~*~tactically~*~*~ (hiding).
 28004 | Snake:3  | 28004 ||| INVOKING Heroism.
 28010 | Snake:3  | 28010 ||| Stepping ~*~*~tactically~*~*~ (hiding).
 28017 | Snake:3  | 28017 ||| Stepping ~*~*~tactically~*~*~ (hiding).
 28024 | Snake:3  | 28024 ||| Stepping ~*~*~tactically~*~*~ (hiding).
 28037 | Snake:3  | Received a gift from Okawaru
 28038 | Snake:3  | 28038 ||| Stepping ~*~*~tactically~*~*~ (hiding).
 28082 | Snake:3  | Found a transporter.
 28089 | Snake:3  | Found a transporter.
 28117 | Snake:3  | 28117 ||| INVOKING Heroism.
 28139 | Snake:3  | 28139 ||| Stepping ~*~*~tactically~*~*~ (stealth).
 28140 | Snake:3  | 28140 ||| Stepping ~*~*~tactically~*~*~ (stealth).
 28165 | Snake:3  | 28165 ||| Stepping ~*~*~tactically~*~*~ (hiding).
 28174 | Snake:3  | Identified the +0 robe "Miotaol" {rPois rF++ rCorr Str-5}
                  | (Okawaru gifted it to you on level 3 of the Snake Pit)
 28174 | Snake:3  | Received a gift from Okawaru
 28182 | Snake:3  | 28182 ||| Stepping ~*~*~tactically~*~*~ (hiding).
 28236 | Snake:3  | 28236 ||| Stepping ~*~*~tactically~*~*~ (stealth).
 28248 | Snake:3  | 28248 ||| INVOKING Heroism.
 28277 | Snake:3  | 28277 ||| Stepping ~*~*~tactically~*~*~ (stealth).
 28279 | Snake:3  | 28279 ||| Stepping ~*~*~tactically~*~*~ (stealth).
 28281 | Snake:3  | 28281 ||| Stepping ~*~*~tactically~*~*~ (stealth).
 28282 | Snake:3  | 28282 ||| Stepping ~*~*~tactically~*~*~ (stealth).
 28286 | Snake:3  | 28286 ||| Stepping ~*~*~tactically~*~*~ (stealth).
 28292 | Snake:3  | 28292 ||| Stepping ~*~*~tactically~*~*~ (stealth).
 28295 | Snake:3  | 28295 ||| Stepping ~*~*~tactically~*~*~ (stealth).
 28296 | Snake:3  | 28296 ||| Stepping ~*~*~tactically~*~*~ (stealth).
 28298 | Snake:3  | 28298 ||| Stepping ~*~*~tactically~*~*~ (stealth).
 28299 | Snake:3  | 28299 ||| INVOKING Heroism.
 28389 | Snake:3  | 28389 ||| Stepping ~*~*~tactically~*~*~ (stealth).
 28391 | Snake:3  | 28391 ||| Stepping ~*~*~tactically~*~*~ (stealth).
 28397 | Snake:3  | 28397 ||| Stepping ~*~*~tactically~*~*~ (hiding).
 28398 | Snake:3  | 28398 ||| Stepping ~*~*~tactically~*~*~ (hiding).
 28399 | Snake:3  | 28399 ||| Stepping ~*~*~tactically~*~*~ (hiding).
 28400 | Snake:3  | 28400 ||| Stepping ~*~*~tactically~*~*~ (hiding).
 28532 | Snake:3  | Found a transporter.
 28534 | Snake:3  | Found a transporter.
 28670 | Snake:3  | 28670 ||| READING scroll of enchant armour.
 28670 | Snake:3  | 28670 ||| ENCHANTING +1 helmet.
 28673 | Snake:3  | 28673 ||| Stepping ~*~*~tactically~*~*~ (hiding).
 28678 | Snake:3  | 28678 ||| Stepping ~*~*~tactically~*~*~ (hiding).
 28790 | Snake:3  | Found a transporter.
 28795 | Snake:3  | Found a transporter.
 28919 | Snake:3  | 28919 ||| PLANNING SHOALS:1-3
 28919 | Snake:3  | 28919 ||| UPGRADING to +2 tower shield of protection.
 28929 | Snake:3  | 28929 ||| DROPPING +0 tower shield.
 29142 | Shoals:1 | Entered Level 1 of the Shoals
 29167 | Shoals:1 | 29167 ||| INVOKING Heroism.
 29173 | Shoals:1 | Reached XP level 18. HP: 114/114 MP: 23/25
 29275 | Shoals:1 | 29275 ||| DROPPING +2 eveningstar of protection.
 29284 | Shoals:1 | Identified the +0 plate armour of the Volcano {-Cast Fly
                  | rC- Str+10}
 29349 | Shoals:1 | Found Zoung's Armour Shop.
 29362 | Shoals:1 | 29362 ||| INVOKING Heroism.
 29365 | Shoals:1 | 29365 ||| INVOKING Finesse.
 29446 | Shoals:1 | 29446 ||| INVOKING Heroism.
 29535 | Shoals:1 | Identified the amulet "Yrobupre" {Reflect SH+5 SInv}
 29541 | Shoals:1 | 29541 ||| READING scroll of enchant armour.
 29541 | Shoals:1 | 29541 ||| ENCHANTING +4 plate armour of willpower.
 30046 | Shoals:1 | 30046 ||| UPGRADING to amulet "Yrobupre" {Reflect SH+5
                  | SInv}.
 30153 | Shoals:2 | 30153 ||| STAIRDANCE
 30155 | Shoals:1 | 30155 ||| INVOKING Heroism.
 30174 | Shoals:2 | 30174 ||| STAIRDANCE
 30202 | Shoals:2 | 30202 ||| STAIRDANCE
 30219 | Shoals:2 | 30219 ||| STAIRDANCE
 30288 | Shoals:2 | 30288 ||| INVOKING Heroism.
 30322 | Shoals:2 | 30322 ||| INVOKING Finesse.
 30371 | Shoals:2 | 30371 ||| Stepping ~*~*~tactically~*~*~ (hiding).
 30387 | Shoals:2 | Received a gift from Okawaru
 30396 | Shoals:2 | 30396 ||| INVOKING Heroism.
 30412 | Shoals:2 | Found a runed translucent door.
 30447 | Shoals:2 | Reached skill level 18 in Axes
 30461 | Shoals:2 | Identified the +12 long sword "Maink" {protect, Str+4 Int+2
                  | SInv}
 30535 | Shoals:2 | 30535 ||| INVOKING Heroism.
 30575 | Shoals:2 | Identified the +0 pair of boots "Fiwiumar" {Str+8 Dex+2
                  | Stlth-} (Okawaru gifted it to you on level 2 of the Shoals)
 30575 | Shoals:2 | Received a gift from Okawaru
 30649 | Shoals:2 | 30649 ||| INVOKING Heroism.
 30737 | Shoals:2 | 30737 ||| INVOKING Heroism.
 31079 | Shoals:2 | Noticed qw's ghost (adept MiBe)
 31081 | Shoals:2 | 31081 ||| UPGRADING to +0 pair of boots "Fiwiumar" {Str+8
                  | Dex+2 Stlth-}.
 31091 | Shoals:2 | 31091 ||| DROPPING +1 pair of boots of the Hurricane
                  | {Rampage rPois Str+4 Dex+4}.
 31092 | Shoals:2 | 31092 ||| DROPPING amulet of reflection.
 31194 | Shoals:3 | 31194 ||| Stepping ~*~*~tactically~*~*~ (hiding).
 31198 | Shoals:3 | 31198 ||| Stepping ~*~*~tactically~*~*~ (hiding).
 31221 | Shoals:3 | 31221 ||| INVOKING Heroism.
 31222 | Shoals:3 | 31222 ||| INVOKING Finesse.
 31508 | Shoals:3 | 31508 ||| INVOKING Heroism.
 31520 | Shoals:3 | Found a hazy altar of Hepliaklqana.
 31522 | Shoals:3 | 31522 ||| INVOKING Finesse.
 31812 | Shoals:3 | 31812 ||| INVOKING Heroism.
 31813 | Shoals:3 | 31813 ||| INVOKING Finesse.
 31965 | Shoals:3 | 31965 ||| Stepping ~*~*~tactically~*~*~ (hiding).
 31967 | Shoals:3 | 31967 ||| Stepping ~*~*~tactically~*~*~ (hiding).
 32214 | Shoals:3 | 32214 ||| PLANNING SNAKE:4
 32489 | Snake:4  | Entered Level 4 of the Snake Pit
 32503 | Snake:4  | 32503 ||| INVOKING Heroism.
 32655 | Snake:4  | 32655 ||| Stepping ~*~*~tactically~*~*~ (hiding).
 32660 | Snake:4  | 32660 ||| Stepping ~*~*~tactically~*~*~ (hiding).
 32775 | Snake:4  | 32775 ||| INVOKING Heroism.
 32805 | Snake:4  | Reached skill level 18 in Shields
 32939 | Snake:4  | 32939 ||| INVOKING Heroism.
 32975 | Snake:4  | 32975 ||| INVOKING Heroism.
 33008 | Snake:4  | 33008 ||| INVOKING Heroism.
 33030 | Snake:4  | 33030 ||| Stepping ~*~*~tactically~*~*~ (hiding).
 33093 | Snake:4  | 33093 ||| FLEEEEING.
 33128 | Snake:4  | 33128 ||| INVOKING Heroism.
 33135 | Snake:4  | Identified the -1 pair of boots of Sium {+Blink rF- rC+
                  | rCorr} (Okawaru gifted it to you on level 4 of the Snake
                  | Pit)
 33135 | Snake:4  | Received a gift from Okawaru
 33201 | Snake:4  | 33201 ||| INVOKING Heroism.
 33210 | Snake:4  | Reached XP level 19. HP: 121/121 MP: 24/26
 33322 | Snake:4  | 33322 ||| Stepping ~*~*~tactically~*~*~ (hiding).
 33323 | Snake:4  | 33323 ||| Stepping ~*~*~tactically~*~*~ (hiding).
 33324 | Snake:4  | 33324 ||| Stepping ~*~*~tactically~*~*~ (hiding).
 33326 | Snake:4  | 33326 ||| Stepping ~*~*~tactically~*~*~ (stealth).
 33357 | Snake:4  | 33357 ||| INVOKING Heroism.
 33395 | Snake:4  | 33395 ||| Stepping ~*~*~tactically~*~*~ (hiding).
 33406 | Snake:4  | Found Xiug Gae's Weapon Emporium.
 33409 | Snake:4  | 33409 ||| Stepping ~*~*~tactically~*~*~ (hiding).
 33753 | Snake:4  | Got a serpentine rune of Zot
 33754 | Snake:4  | 33754 ||| PLANNING VAULTS:1-4
 33754 | Snake:4  | 33754 ||| DROPPING -1 pair of boots of Sium {+Blink rF- rC+
                  | rCorr}.
 33983 | Vaults:1 | Entered Level 1 of the Vaults
 34020 | Vaults:1 | 34020 ||| Stepping ~*~*~tactically~*~*~ (hiding).
 34021 | Vaults:1 | 34021 ||| INVOKING Heroism.
 34022 | Vaults:1 | 34022 ||| INVOKING Finesse.
 34135 | Vaults:1 | 34135 ||| INVOKING Heroism.
 34186 | Vaults:1 | 34186 ||| Stepping ~*~*~tactically~*~*~ (stealth).
 34189 | Vaults:1 | 34189 ||| Stepping ~*~*~tactically~*~*~ (hiding).
 34190 | Vaults:1 | 34190 ||| Stepping ~*~*~tactically~*~*~ (hiding).
 34191 | Vaults:1 | 34191 ||| Stepping ~*~*~tactically~*~*~ (hiding).
 34192 | Vaults:1 | 34192 ||| Stepping ~*~*~tactically~*~*~ (hiding).
 34196 | Vaults:1 | Reached skill level 15 in Fighting
 34197 | Vaults:1 | 34197 ||| Stepping ~*~*~tactically~*~*~ (hiding).
 34198 | Vaults:1 | 34198 ||| INVOKING Finesse.
 34201 | Vaults:1 | 34201 ||| INVOKING Heroism.
 34312 | Vaults:1 | 34312 ||| Stepping ~*~*~tactically~*~*~ (hiding).
 34320 | Vaults:1 | 34320 ||| Stepping ~*~*~tactically~*~*~ (hiding).
 34472 | Vaults:1 | 34472 ||| Stepping ~*~*~tactically~*~*~ (hiding).
 34473 | Vaults:1 | 34473 ||| INVOKING Heroism.
 34913 | Vaults:1 | 34913 ||| INVOKING Heroism.
 34952 | Vaults:1 | 34952 ||| READING 6 scrolls of teleportation.
 34960 | Vaults:1 | 34960 ||| Stepping ~*~*~tactically~*~*~ (hiding).
 35022 | Vaults:1 | 35022 ||| Stepping ~*~*~tactically~*~*~ (stealth).
 35026 | Vaults:1 | 35026 ||| Stepping ~*~*~tactically~*~*~ (stealth).
 35028 | Vaults:1 | 35028 ||| Stepping ~*~*~tactically~*~*~ (stealth).
 35032 | Vaults:1 | 35032 ||| INVOKING Heroism.
 35142 | Vaults:1 | 35142 ||| INVOKING Heroism.
 35146 | Vaults:1 | 35146 ||| Stepping ~*~*~tactically~*~*~ (hiding).
 35151 | Vaults:1 | 35151 ||| Stepping ~*~*~tactically~*~*~ (hiding).
 35155 | Vaults:1 | 35155 ||| INVOKING Heroism.
 35326 | Vaults:1 | 35326 ||| INVOKING Heroism.
 35562 | Vaults:1 | Noticed Nikola
 35563 | Vaults:1 | 35563 ||| INVOKING Heroism.
 35575 | Vaults:1 | Killed Nikola
 35576 | Vaults:1 | Reached skill level 9 in Dodging
 35656 | Vaults:1 | Identified the +0 ring mail of Untruth {rElec Will+ rCorr}
 35766 | Vaults:1 | 35766 ||| Stepping ~*~*~tactically~*~*~ (stealth).
 35770 | Vaults:1 | 35770 ||| Stepping ~*~*~tactically~*~*~ (stealth).
 35882 | Vaults:1 | 35882 ||| Stepping ~*~*~tactically~*~*~ (stealth).
 35886 | Vaults:1 | 35886 ||| INVOKING Heroism.
 36210 | Vaults:2 | 36210 ||| INVOKING Heroism.
 36228 | Vaults:2 | 36228 ||| Stepping ~*~*~tactically~*~*~ (hiding).
 36229 | Vaults:2 | 36229 ||| Stepping ~*~*~tactically~*~*~ (hiding).
 36373 | Vaults:2 | 36373 ||| INVOKING Heroism.
 36413 | Vaults:2 | 36413 ||| Stepping ~*~*~tactically~*~*~ (hiding).
 36414 | Vaults:2 | 36414 ||| Stepping ~*~*~tactically~*~*~ (hiding).
 36426 | Vaults:2 | 36426 ||| INVOKING Heroism.
 36451 | Vaults:2 | 36451 ||| Stepping ~*~*~tactically~*~*~ (hiding).
 36453 | Vaults:2 | 36453 ||| Stepping ~*~*~tactically~*~*~ (hiding).
 36462 | Vaults:2 | Reached skill level 15 in Armour
 36541 | Vaults:2 | 36541 ||| INVOKING Heroism.
 36591 | Vaults:2 | 36591 ||| INVOKING Heroism.
 36804 | Vaults:2 | 36804 ||| INVOKING Heroism.
 36820 | Vaults:2 | 36820 ||| Stepping ~*~*~tactically~*~*~ (stealth).
 36870 | Vaults:2 | 36870 ||| Stepping ~*~*~tactically~*~*~ (hiding).
 36876 | Vaults:2 | Received a gift from Okawaru
 36990 | Vaults:2 | 36990 ||| Stepping ~*~*~tactically~*~*~ (hiding).
 37055 | Vaults:2 | 37055 ||| INVOKING Heroism.
 37056 | Vaults:2 | 37056 ||| INVOKING Finesse.
 37097 | Vaults:2 | Found a gateway to a bazaar.
 37098 | Vaults:2 | 37098 ||| PLANNING BAZAAR
 37102 | Bazaar   | Entered a bazaar
 37110 | Bazaar   | Found Veohounn's Book Shop.
 37124 | Bazaar   | Found Doped's Book Shop.
 37150 | Vaults:2 | 37150 ||| PLANNING VAULTS:1-4
 37273 | Vaults:2 | 37273 ||| INVOKING Heroism.
 37274 | Vaults:2 | 37274 ||| Stepping ~*~*~tactically~*~*~ (hiding).
 37700 | Vaults:2 | 37700 ||| Stepping ~*~*~tactically~*~*~ (hiding).
 37705 | Vaults:2 | 37705 ||| INVOKING Heroism.
 37709 | Vaults:2 | Reached XP level 20. HP: 127/131 MP: 24/27
 37929 | Vaults:2 | 37929 ||| INVOKING Heroism.
 38224 | Vaults:3 | 38224 ||| Stepping ~*~*~tactically~*~*~ (hiding).
 38230 | Vaults:3 | 38230 ||| INVOKING Heroism.
 38240 | Vaults:3 | Received a gift from Okawaru
 38341 | Vaults:3 | 38341 ||| INVOKING Heroism.
 38344 | Vaults:3 | 38344 ||| Stepping ~*~*~tactically~*~*~ (stealth).
 38360 | Vaults:3 | Reached skill level 9 in Throwing
 38454 | Vaults:3 | 38454 ||| FLEEEEING.
 38455 | Vaults:3 | 38455 ||| FLEEEEING.
 38583 | Vaults:3 | Found Hiokk's General Store.
 38599 | Vaults:3 | Found Zenaid's General Store.
 38616 | Vaults:3 | Found Jupporpha's Antique Armour Shoppe.
 38626 | Vaults:3 | 38626 ||| BUYING pair of runed gloves (300 gold).
 38626 | Vaults:3 | Bought a pair of runed gloves for 300 gold pieces
 38635 | Vaults:3 | 38635 ||| INVOKING Heroism.
 38752 | Vaults:3 | 38752 ||| INVOKING Heroism.
 38968 | Vaults:3 | Found Odghuaq's Weapon Shoppe.
 39074 | Vaults:3 | 39074 ||| Stepping ~*~*~tactically~*~*~ (hiding).
 39078 | Vaults:3 | 39078 ||| FLEEEEING.
 39079 | Vaults:3 | 39079 ||| FLEEEEING.
 39080 | Vaults:3 | 39080 ||| FLEEEEING.
 39081 | Vaults:3 | 39081 ||| FLEEEEING.
 39085 | Vaults:3 | 39085 ||| Stepping ~*~*~tactically~*~*~ (hiding).
 39086 | Vaults:3 | 39086 ||| Stepping ~*~*~tactically~*~*~ (hiding).
 39087 | Vaults:3 | 39087 ||| Stepping ~*~*~tactically~*~*~ (hiding).
 39090 | Vaults:3 | 39090 ||| Stepping ~*~*~tactically~*~*~ (hiding).
 39092 | Vaults:3 | 39092 ||| INVOKING Heroism.
 39288 | Vaults:3 | 39288 ||| FLEEEEING.
 39289 | Vaults:3 | 39289 ||| Stepping ~*~*~tactically~*~*~ (hiding).
 39318 | Vaults:3 | 39318 ||| INVOKING Finesse.
 39428 | Vaults:3 | 39428 ||| Stepping ~*~*~tactically~*~*~ (stealth).
 39439 | Vaults:3 | 39439 ||| Stepping ~*~*~tactically~*~*~ (stealth).
 39455 | Vaults:3 | Received a gift from Okawaru
 39689 | Vaults:3 | Found a staircase to the Crypt.
 39689 | Vaults:3 | Found a basalt altar of Yredelemnul.
 39689 | Vaults:3 | Found an ancient bone altar of Kikubaaqudgha.
 39693 | Vaults:3 | 39693 ||| DROPPING +0 pair of gloves of stealth.
 39694 | Vaults:3 | 39694 ||| DROPPING ring of wizardry.
 39726 | Vaults:4 | 39726 ||| Stepping ~*~*~tactically~*~*~ (stealth).
 39768 | Vaults:4 | 39768 ||| INVOKING Finesse.
 39772 | Vaults:4 | 39772 ||| Stepping ~*~*~tactically~*~*~ (hiding).
 39775 | Vaults:4 | 39775 ||| Stepping ~*~*~tactically~*~*~ (stealth).
 39780 | Vaults:4 | 39780 ||| INVOKING Heroism.
 39861 | Vaults:4 | 39861 ||| Stepping ~*~*~tactically~*~*~ (stealth).
 39864 | Vaults:4 | 39864 ||| Stepping ~*~*~tactically~*~*~ (stealth).
 39933 | Vaults:4 | 39933 ||| Stepping ~*~*~tactically~*~*~ (hiding).
 40000 | Vaults:4 | Identified the +5 short sword of Psychosis {vorpal, Int+4}
                  | (Okawaru gifted it to you on level 4 of the Vaults)
 40000 | Vaults:4 | Received a gift from Okawaru
 40002 | Vaults:4 | 40002 ||| FLEEEEING.
 40003 | Vaults:4 | 40003 ||| FLEEEEING.
 40004 | Vaults:4 | 40004 ||| FLEEEEING.
 40006 | Vaults:4 | 40006 ||| FLEEEEING.
 40007 | Vaults:4 | 40007 ||| FLEEEEING.
 40008 | Vaults:4 | 40008 ||| FLEEEEING.
 40009 | Vaults:4 | 40009 ||| FLEEEEING.
 40011 | Vaults:4 | 40011 ||| FLEEEEING.
 40012 | Vaults:4 | 40012 ||| FLEEEEING.
 40013 | Vaults:4 | 40013 ||| FLEEEEING.
 40014 | Vaults:4 | 40014 ||| FLEEEEING.
 40015 | Vaults:4 | 40015 ||| FLEEEEING.
 40021 | Vaults:4 | 40021 ||| FLEEEEING.
 40022 | Vaults:4 | 40022 ||| FLEEEEING.
 40023 | Vaults:4 | 40023 ||| FLEEEEING.
 40024 | Vaults:4 | 40024 ||| FLEEEEING.
 40032 | Vaults:4 | 40032 ||| STAIRDANCE
 40139 | Vaults:4 | 40139 ||| FLEEEEING.
 40140 | Vaults:4 | 40140 ||| STAIRDANCE
 40257 | Vaults:4 | 40257 ||| Stepping ~*~*~tactically~*~*~ (hiding).
 40418 | Vaults:4 | 40418 ||| Stepping ~*~*~tactically~*~*~ (stealth).
 40494 | Vaults:4 | Noticed Mennas
 40505 | Vaults:4 | 40505 ||| DRINKING 18 potions of curing.
 40505 | Vaults:4 | 40505 ||| (to cure confusion)
 40506 | Vaults:4 | 40506 ||| INVOKING Heroism.
 40507 | Vaults:4 | 40507 ||| INVOKING Finesse.
 40524 | Vaults:4 | Killed Mennas
 40688 | Vaults:4 | 40688 ||| Stepping ~*~*~tactically~*~*~ (hiding).
 40912 | Vaults:4 | 40912 ||| Stepping ~*~*~tactically~*~*~ (hiding).
 40919 | Vaults:4 | 40919 ||| FLEEEEING.
 40920 | Vaults:4 | 40920 ||| FLEEEEING.
 40921 | Vaults:4 | 40921 ||| FLEEEEING.
 40927 | Vaults:4 | Reached XP level 21. HP: 117/139 MP: 28/28
 41189 | Vaults:4 | Identified the +1 scale mail of Defence {Str+2 Int+5 Dex+2
                  | Stlth-} (Okawaru gifted it to you on level 4 of the Vaults)
 41189 | Vaults:4 | Received a gift from Okawaru
 41224 | Vaults:4 | Identified the +0 helmet of the Poles {rC+ Stlth+}
 41244 | Vaults:4 | 41244 ||| INVOKING Heroism.
 41245 | Vaults:4 | 41245 ||| INVOKING Finesse.
 41542 | Vaults:4 | 41542 ||| UPGRADING to +0 helmet of the Poles {rC+ Stlth+}.
 41596 | Vaults:5 | Entered Level 5 of the Vaults
 41596 | Vaults:5 | Noticed a golden dragon
 41597 | Vaults:5 | 41597 ||| INVOKING Heroism.
 41598 | Vaults:5 | 41598 ||| STAIRDANCE
 41635 | Vaults:5 | 41635 ||| STAIRDANCE
 41637 | Vaults:4 | 41637 ||| INVOKING Heroism.
 41683 | Vaults:5 | Noticed an ancient lich
 41684 | Vaults:5 | 41684 ||| STAIRDANCE
 41799 | Vaults:5 | 41799 ||| STAIRDANCE
 41801 | Vaults:4 | 41801 ||| INVOKING Heroism.
 41886 | Vaults:5 | 41886 ||| STAIRDANCE
 41931 | Vaults:5 | 41931 ||| STAIRDANCE
 41933 | Vaults:4 | 41933 ||| INVOKING Heroism.
 42083 | Vaults:5 | 42083 ||| STAIRDANCE
 42087 | Vaults:4 | 42087 ||| FLEEEEING.
 42088 | Vaults:4 | 42088 ||| FLEEEEING.
 42089 | Vaults:4 | 42089 ||| FLEEEEING.
 42090 | Vaults:4 | 42090 ||| FLEEEEING.
 42091 | Vaults:4 | 42091 ||| FLEEEEING.
 42092 | Vaults:4 | 42092 ||| FLEEEEING.
 42093 | Vaults:4 | 42093 ||| FLEEEEING.
 42094 | Vaults:4 | 42094 ||| FLEEEEING.
 42099 | Vaults:4 | 42099 ||| STAIRDANCE
 42210 | Vaults:5 | 42210 ||| INVOKING Heroism.
 42211 | Vaults:5 | 42211 ||| STAIRDANCE
 42321 | Vaults:5 | 42321 ||| INVOKING Heroism.
 42322 | Vaults:5 | 42322 ||| STAIRDANCE
 42337 | Vaults:5 | 42337 ||| INVOKING Finesse.
 42338 | Vaults:5 | 42338 ||| STAIRDANCE
 42421 | Vaults:5 | 42421 ||| INVOKING Heroism.
 42422 | Vaults:5 | 42422 ||| STAIRDANCE
 42424 | Vaults:4 | 42424 ||| INVOKING Finesse.
 42434 | Vaults:4 | Killed a golden dragon
 42441 | Vaults:5 | Reached skill level 18 in Fighting
 42451 | Vaults:5 | Killed an ancient lich
 42463 | Vaults:5 | Identified the amulet of Soipp {Spirit Dex+3}
 42481 | Vaults:5 | Received a gift from Okawaru
 42486 | Vaults:5 | 42486 ||| Stepping ~*~*~tactically~*~*~ (hiding).
 42493 | Vaults:5 | 42493 ||| Stepping ~*~*~tactically~*~*~ (hiding).
 42500 | Vaults:5 | 42500 ||| INVOKING Heroism.
 42627 | Vaults:5 | 42627 ||| FLEEEEING.
 42628 | Vaults:5 | 42628 ||| FLEEEEING.
 42629 | Vaults:5 | 42629 ||| STAIRDANCE
 42631 | Vaults:4 | 42631 ||| PLANNING SHOALS:4
 43071 | Shoals:4 | Entered Level 4 of the Shoals
 43082 | Shoals:4 | 43082 ||| Stepping ~*~*~tactically~*~*~ (hiding).
 43083 | Shoals:4 | 43083 ||| Stepping ~*~*~tactically~*~*~ (hiding).
 43199 | Shoals:4 | Paralysed by an air elemental for 1 turns
 43209 | Shoals:4 | 43209 ||| INVOKING Heroism.
 43232 | Shoals:4 | Identified the +0 pair of gloves "Zuiss" {rCorr Dex+4}
                  | (Okawaru gifted it to you on level 4 of the Shoals)
 43232 | Shoals:4 | Received a gift from Okawaru
 43270 | Shoals:4 | 43270 ||| DROPPING +2 broad axe of electrocution.
 43282 | Shoals:4 | 43282 ||| Stepping ~*~*~tactically~*~*~ (hiding).
 43286 | Shoals:4 | 43286 ||| INVOKING Heroism.
 43287 | Shoals:4 | 43287 ||| INVOKING Finesse.
 43290 | Shoals:4 | 43290 ||| Stepping ~*~*~tactically~*~*~ (hiding).
 43314 | Shoals:4 | 43314 ||| Stepping ~*~*~tactically~*~*~ (hiding).
 43326 | Shoals:4 | 43326 ||| Stepping ~*~*~tactically~*~*~ (hiding).
 43327 | Shoals:4 | 43327 ||| Stepping ~*~*~tactically~*~*~ (hiding).
 43328 | Shoals:4 | 43328 ||| Stepping ~*~*~tactically~*~*~ (hiding).
 43335 | Shoals:4 | 43335 ||| Stepping ~*~*~tactically~*~*~ (stealth).
 43476 | Shoals:4 | Identified the +7 flail of Awkwardness {flame, rElec}
 43477 | Shoals:4 | 43477 ||| Stepping ~*~*~tactically~*~*~ (stealth).
 43478 | Shoals:4 | 43478 ||| Stepping ~*~*~tactically~*~*~ (stealth).
 43481 | Shoals:4 | Got a barnacled rune of Zot
 43485 | Shoals:4 | 43485 ||| Stepping ~*~*~tactically~*~*~ (stealth).
 43644 | Shoals:4 | Found a stormy altar of Qazlal.
 43680 | Shoals:4 | 43680 ||| Stepping ~*~*~tactically~*~*~ (stealth).
 43687 | Shoals:4 | Reached skill level 18 in Armour
 43703 | Shoals:4 | 43703 ||| Stepping ~*~*~tactically~*~*~ (hiding).
 43707 | Shoals:4 | 43707 ||| INVOKING Heroism.
 43708 | Shoals:4 | 43708 ||| INVOKING Finesse.
 43717 | Shoals:4 | 43717 ||| Stepping ~*~*~tactically~*~*~ (hiding).
 43773 | Shoals:4 | 43773 ||| Stepping ~*~*~tactically~*~*~ (hiding).
 43774 | Shoals:4 | 43774 ||| Stepping ~*~*~tactically~*~*~ (hiding).
 43776 | Shoals:4 | 43776 ||| Stepping ~*~*~tactically~*~*~ (hiding).
 43871 | Shoals:4 | 43871 ||| Stepping ~*~*~tactically~*~*~ (hiding).
 43899 | Shoals:4 | 43899 ||| INVOKING Heroism.
 43911 | Shoals:4 | Reached XP level 22. HP: 142/148 MP: 29/29
 44063 | Shoals:4 | 44063 ||| Stepping ~*~*~tactically~*~*~ (hiding).
 44086 | Shoals:4 | 44086 ||| Stepping ~*~*~tactically~*~*~ (stealth).
 44088 | Shoals:4 | 44088 ||| Stepping ~*~*~tactically~*~*~ (hiding).
 44116 | Shoals:4 | 44116 ||| Stepping ~*~*~tactically~*~*~ (hiding).
 44119 | Shoals:4 | 44119 ||| Stepping ~*~*~tactically~*~*~ (hiding).
 44122 | Shoals:4 | 44122 ||| INVOKING Heroism.
 44123 | Shoals:4 | 44123 ||| INVOKING Finesse.
 44172 | Shoals:4 | 44172 ||| INVOKING Finesse.
 44231 | Shoals:4 | 44231 ||| PLANNING DEPTHS
 44231 | Shoals:4 | 44231 ||| UPGRADING to +0 pair of gloves "Zuiss" {rCorr
                  | Dex+4}.
 44241 | Shoals:4 | 44241 ||| DROPPING ring of protection from cold.
 44533 | Depths:1 | Entered Level 1 of the Depths
 44534 | Depths:1 | 44534 ||| INVOKING Heroism.
 44676 | Depths:1 | Found an opulent altar of Gozag.
 44704 | Depths:1 | Paralysed by a floating eye for 4 turns
 44718 | Depths:1 | 44718 ||| INVOKING Heroism.
 44793 | Depths:1 | Found a gateway to Hell.
 44839 | Depths:1 | 44839 ||| INVOKING Heroism.
 44931 | Depths:1 | 44931 ||| Stepping ~*~*~tactically~*~*~ (hiding).
 44933 | Depths:1 | 44933 ||| Stepping ~*~*~tactically~*~*~ (hiding).
 44948 | Depths:1 | 44948 ||| INVOKING Heroism.
 45129 | Depths:1 | Found a sacrificial altar of Ru.
 45174 | Depths:1 | 45174 ||| INVOKING Heroism.
 45220 | Depths:1 | Found a portal to a secret trove of treasure.
 45370 | Depths:1 | Found Qyvuss's One-of-a-Kind Books.
 45431 | Depths:1 | Found Givvuuz's Jewellery Emporium.
 45431 | Depths:1 | Found Kiuch's Book Shop.
 45432 | Depths:1 | Found Ydeceuz's Book Shop.
 45440 | Depths:1 | 45440 ||| SHOPLISTING ring of Udism {rCorr Str+6 Int+6
                  | Dex-3 Slay+2} (1266 gold, have 846).
 45511 | Depths:1 | Found a one-way gate to the infinite horrors of the Abyss.
 45515 | Depths:1 | 45515 ||| Stepping ~*~*~tactically~*~*~ (hiding).
 45523 | Depths:1 | 45523 ||| Stepping ~*~*~tactically~*~*~ (stealth).
 45525 | Depths:1 | 45525 ||| Stepping ~*~*~tactically~*~*~ (stealth).
 45531 | Depths:1 | 45531 ||| INVOKING Heroism.
 45549 | Depths:1 | Received a gift from Okawaru
 45614 | Depths:2 | 45614 ||| INVOKING Heroism.
 45627 | Depths:2 | 45627 ||| Stepping ~*~*~tactically~*~*~ (stealth).
 45631 | Depths:2 | 45631 ||| STAIRDANCE
 45685 | Depths:2 | 45685 ||| STAIRDANCE
 45691 | Depths:2 | 45691 ||| STAIRDANCE
 45704 | Depths:2 | 45704 ||| Stepping ~*~*~tactically~*~*~ (hiding).
 45746 | Depths:2 | You are sucked into a shaft and drop 2 floors!
 45746 | Depths:4 | Entered Level 4 of the Depths
 45773 | Depths:4 | 45773 ||| Stepping ~*~*~tactically~*~*~ (stealth).
 45779 | Depths:4 | Received a gift from Okawaru
 45782 | Depths:4 | 45782 ||| INVOKING Heroism.
 45783 | Depths:4 | 45783 ||| INVOKING Finesse.
 45784 | Depths:4 | 45784 ||| INVOKING Finesse.
 45842 | Depths:4 | 45842 ||| Stepping ~*~*~tactically~*~*~ (hiding).
 45844 | Depths:4 | 45844 ||| INVOKING Heroism.
 45850 | Depths:4 | Reached skill level 12 in Dodging
 45889 | Depths:4 | Found a one-way gateway to a ziggurat.
 45911 | Depths:4 | Received a gift from Okawaru
 45935 | Depths:3 | 45935 ||| Stepping ~*~*~tactically~*~*~ (hiding).
 46062 | Depths:3 | Found the dreamshard necklace {*Dream Drain}
 46136 | Depths:3 | 46136 ||| Stepping ~*~*~tactically~*~*~ (hiding).
 46144 | Depths:3 | 46144 ||| INVOKING Heroism.
 46145 | Depths:3 | 46145 ||| INVOKING Finesse.
 46151 | Depths:3 | 46151 ||| Stepping ~*~*~tactically~*~*~ (hiding).
 46182 | Depths:3 | 46182 ||| Stepping ~*~*~tactically~*~*~ (stealth).
 46183 | Depths:3 | 46183 ||| Stepping ~*~*~tactically~*~*~ (stealth).
 46198 | Depths:3 | 46198 ||| Stepping ~*~*~tactically~*~*~ (stealth).
 46216 | Depths:3 | 46216 ||| Stepping ~*~*~tactically~*~*~ (hiding).
 46219 | Depths:3 | 46219 ||| Stepping ~*~*~tactically~*~*~ (stealth).
 46228 | Depths:3 | 46228 ||| INVOKING Heroism.
 46236 | Depths:3 | 46236 ||| Stepping ~*~*~tactically~*~*~ (hiding).
 46286 | Depths:3 | 46286 ||| Stepping ~*~*~tactically~*~*~ (hiding).
 46287 | Depths:3 | 46287 ||| INVOKING Heroism.
 46430 | Depths:3 | 46430 ||| Stepping ~*~*~tactically~*~*~ (stealth).
 46431 | Depths:3 | 46431 ||| Stepping ~*~*~tactically~*~*~ (stealth).
 46432 | Depths:3 | 46432 ||| Stepping ~*~*~tactically~*~*~ (stealth).
 46433 | Depths:3 | 46433 ||| INVOKING Heroism.
 46491 | Depths:3 | Noticed a caustic shrike
 46497 | Depths:3 | 46497 ||| INVOKING Heroism.
 46499 | Depths:3 | Killed a caustic shrike
 46535 | Depths:3 | 46535 ||| Stepping ~*~*~tactically~*~*~ (hiding).
 46541 | Depths:3 | 46541 ||| INVOKING Heroism.
 46566 | Depths:3 | Identified the +9 mace of Checkmate {freeze, rN+ MP+9}
 46629 | Depths:3 | 46629 ||| Stepping ~*~*~tactically~*~*~ (hiding).
 46635 | Depths:3 | 46635 ||| INVOKING Heroism.
 46649 | Depths:3 | Identified the +2 ring mail of Oblivion {Harm Dex-4 Stlth+}
 46655 | Depths:3 | 46655 ||| Stepping ~*~*~tactically~*~*~ (hiding).
 46662 | Depths:3 | Received a gift from Okawaru
 46805 | Depths:3 | 46805 ||| Stepping ~*~*~tactically~*~*~ (stealth).
 46811 | Depths:3 | 46811 ||| INVOKING Heroism.
 46821 | Depths:3 | 46821 ||| Stepping ~*~*~tactically~*~*~ (hiding).
 46822 | Depths:3 | 46822 ||| Stepping ~*~*~tactically~*~*~ (hiding).
 46837 | Depths:3 | 46837 ||| Stepping ~*~*~tactically~*~*~ (hiding).
 46853 | Depths:3 | 46853 ||| Stepping ~*~*~tactically~*~*~ (hiding).
 46855 | Depths:3 | 46855 ||| Stepping ~*~*~tactically~*~*~ (hiding).
 46980 | Depths:2 | 46980 ||| INVOKING Heroism.
 46982 | Depths:2 | 46982 ||| Stepping ~*~*~tactically~*~*~ (hiding).
 46983 | Depths:2 | 46983 ||| Stepping ~*~*~tactically~*~*~ (hiding).
 46986 | Depths:2 | 46986 ||| INVOKING Finesse.
 46991 | Depths:2 | Reached XP level 23. HP: 151/155 MP: 23/30
 47007 | Depths:2 | 47007 ||| Stepping ~*~*~tactically~*~*~ (hiding).
 47041 | Depths:2 | Received a gift from Okawaru
 47050 | Depths:2 | 47050 ||| Stepping ~*~*~tactically~*~*~ (hiding).
 47063 | Depths:2 | Identified the +7 battleaxe "Mamuashe" {freeze, +Blink
                  | rElec rN++ Int-2}
 47064 | Depths:2 | 47064 ||| Stepping ~*~*~tactically~*~*~ (hiding).
 47064 | Depths:2 | Noticed the Enchantress
 47065 | Depths:2 | 47065 ||| Stepping ~*~*~tactically~*~*~ (hiding).
 47081 | Depths:2 | 47081 ||| INVOKING Finesse.
 47086 | Depths:2 | Killed the Enchantress
 47089 | Depths:2 | 47089 ||| INVOKING Heroism.
 47091 | Depths:2 | Paralysed by a vampire knight for 2 turns
 47163 | Depths:2 | 47163 ||| Stepping ~*~*~tactically~*~*~ (stealth).
 47235 | Depths:2 | 47235 ||| Stepping ~*~*~tactically~*~*~ (stealth).
 47266 | Depths:2 | 47266 ||| Stepping ~*~*~tactically~*~*~ (stealth).
 47267 | Depths:2 | 47267 ||| Stepping ~*~*~tactically~*~*~ (stealth).
 47268 | Depths:2 | 47268 ||| Stepping ~*~*~tactically~*~*~ (stealth).
 47270 | Depths:2 | 47270 ||| Stepping ~*~*~tactically~*~*~ (stealth).
 47344 | Depths:2 | 47344 ||| INVOKING Finesse.
 47418 | Depths:2 | 47418 ||| Stepping ~*~*~tactically~*~*~ (stealth).
 47419 | Depths:2 | 47419 ||| Stepping ~*~*~tactically~*~*~ (stealth).
 47420 | Depths:2 | 47420 ||| Stepping ~*~*~tactically~*~*~ (stealth).
 47422 | Depths:2 | 47422 ||| Stepping ~*~*~tactically~*~*~ (stealth).
 47437 | Depths:2 | 47437 ||| INVOKING Heroism.
 47439 | Depths:2 | 47439 ||| Stepping ~*~*~tactically~*~*~ (hiding).
 47458 | Depths:2 | 47458 ||| INVOKING Finesse.
 47461 | Depths:2 | 47461 ||| Stepping ~*~*~tactically~*~*~ (hiding).
 47476 | Depths:2 | 47476 ||| Stepping ~*~*~tactically~*~*~ (hiding).
 47608 | Depths:2 | 47608 ||| Stepping ~*~*~tactically~*~*~ (stealth).
 47609 | Depths:2 | 47609 ||| Stepping ~*~*~tactically~*~*~ (stealth).
 47641 | Depths:2 | Found a one-way gate leading to the halls of Pandemonium.
 47731 | Depths:2 | 47731 ||| Stepping ~*~*~tactically~*~*~ (stealth).
 47737 | Depths:2 | 47737 ||| Stepping ~*~*~tactically~*~*~ (hiding).
 47915 | Depths:3 | 47915 ||| Stepping ~*~*~tactically~*~*~ (hiding).
 47916 | Depths:3 | 47916 ||| INVOKING Heroism.
 48123 | Depths:3 | 48123 ||| Stepping ~*~*~tactically~*~*~ (hiding).
 48124 | Depths:3 | 48124 ||| Stepping ~*~*~tactically~*~*~ (hiding).
 48134 | Depths:3 | 48134 ||| INVOKING Heroism.
 48192 | Depths:3 | 48192 ||| Stepping ~*~*~tactically~*~*~ (hiding).
 48254 | Depths:3 | 48254 ||| INVOKING Heroism.
 48263 | Depths:3 | Reached skill level 21 in Shields
 48470 | Depths:3 | 48470 ||| INVOKING Heroism.
 48501 | Depths:3 | Received a gift from Okawaru
 48803 | Depths:4 | 48803 ||| Stepping ~*~*~tactically~*~*~ (hiding).
 48856 | Depths:4 | 48856 ||| INVOKING Heroism.
 49033 | Depths:4 | 49033 ||| Stepping ~*~*~tactically~*~*~ (hiding).
 49039 | Depths:4 | 49039 ||| INVOKING Heroism.
 49040 | Depths:4 | 49040 ||| INVOKING Finesse.
 49044 | Depths:4 | 49044 ||| Stepping ~*~*~tactically~*~*~ (hiding).
 49059 | Depths:4 | Identified the +0 shadow dragon scales of Koiryu {+Inv
                  | rElec Int+8 Dex-3 Stlth++++} (Okawaru gifted it to you on
                  | level 4 of the Depths)
 49059 | Depths:4 | Received a gift from Okawaru
 49272 | Depths:4 | 49272 ||| Stepping ~*~*~tactically~*~*~ (hiding).
 49273 | Depths:4 | 49273 ||| Stepping ~*~*~tactically~*~*~ (hiding).
 49274 | Depths:4 | 49274 ||| Stepping ~*~*~tactically~*~*~ (hiding).
 49276 | Depths:4 | 49276 ||| INVOKING Heroism.
 49476 | Depths:4 | Found a gate to the Realm of Zot.
 49488 | Depths:4 | 49488 ||| INVOKING Heroism.
 49489 | Depths:4 | 49489 ||| INVOKING Finesse.
 49523 | Depths:4 | Found Qiezeorr's Antique Armour Shoppe.
 49690 | Depths:4 | Noticed a caustic shrike
 49690 | Depths:4 | Noticed a caustic shrike
 49691 | Depths:4 | 49691 ||| Stepping ~*~*~tactically~*~*~ (stealth).
 49692 | Depths:4 | Noticed a caustic shrike
 49693 | Depths:4 | 49693 ||| INVOKING Heroism.
 49694 | Depths:4 | 49694 ||| INVOKING Finesse.
 49698 | Depths:4 | Killed a caustic shrike
 49699 | Depths:4 | Reached XP level 24. HP: 164/164 MP: 23/30
 49704 | Depths:4 | Killed a caustic shrike
 49709 | Depths:4 | Killed a caustic shrike
 49786 | Depths:4 | 49786 ||| PLANNING VAULTS:5
 49786 | Depths:4 | 49786 ||| DROPPING +0 shadow dragon scales of Koiryu {+Inv
                  | rElec Int+8 Dex-3 Stlth++++}.
 50084 | Vaults:5 | 50084 ||| STAIRDANCE
 50129 | Vaults:5 | 50129 ||| Stepping ~*~*~tactically~*~*~ (hiding).
 50131 | Vaults:5 | 50131 ||| Stepping ~*~*~tactically~*~*~ (hiding).
 50187 | Vaults:5 | 50187 ||| Stepping ~*~*~tactically~*~*~ (stealth).
 50194 | Vaults:5 | 50194 ||| Stepping ~*~*~tactically~*~*~ (stealth).
 50197 | Vaults:5 | 50197 ||| INVOKING Heroism.
 50211 | Vaults:5 | Reached skill level 21 in Fighting
 50403 | Vaults:5 | 50403 ||| Stepping ~*~*~tactically~*~*~ (hiding).
 50439 | Vaults:5 | 50439 ||| INVOKING Heroism.
 50472 | Vaults:5 | 50472 ||| Stepping ~*~*~tactically~*~*~ (stealth).
 50473 | Vaults:5 | 50473 ||| Stepping ~*~*~tactically~*~*~ (stealth).
 50474 | Vaults:5 | 50474 ||| Stepping ~*~*~tactically~*~*~ (stealth).
 50475 | Vaults:5 | 50475 ||| Stepping ~*~*~tactically~*~*~ (stealth).
 50562 | Vaults:5 | Identified the +4 leather armour "Texoheor" {rF+}
 50568 | Vaults:5 | Reached skill level 12 in Throwing
 50719 | Vaults:5 | 50719 ||| Stepping ~*~*~tactically~*~*~ (stealth).
 50720 | Vaults:5 | 50720 ||| Stepping ~*~*~tactically~*~*~ (stealth).
 50726 | Vaults:5 | 50726 ||| INVOKING Heroism.
 50768 | Vaults:5 | Identified the +3 trident of the Tiger {vorpal, Int+4}
 50769 | Vaults:5 | 50769 ||| Stepping ~*~*~tactically~*~*~ (stealth).
 50771 | Vaults:5 | 50771 ||| Stepping ~*~*~tactically~*~*~ (hiding).
 50773 | Vaults:5 | 50773 ||| Stepping ~*~*~tactically~*~*~ (hiding).
 50895 | Vaults:5 | 50895 ||| Stepping ~*~*~tactically~*~*~ (hiding).
 50907 | Vaults:5 | 50907 ||| INVOKING Heroism.
 50921 | Vaults:5 | Received a gift from Okawaru
 50930 | Vaults:5 | Identified the +3 quarterstaff of Dried Tears {elec, rF+}
 50946 | Vaults:5 | 50946 ||| Stepping ~*~*~tactically~*~*~ (hiding).
 51010 | Vaults:5 | 51010 ||| Stepping ~*~*~tactically~*~*~ (stealth).
 51023 | Vaults:5 | 51023 ||| Stepping ~*~*~tactically~*~*~ (stealth).
 51116 | Vaults:5 | Noticed a dread lich
 51117 | Vaults:5 | 51117 ||| INVOKING Heroism.
 51117 | Vaults:5 | Paralysed by a dread lich for 4 turns
 51132 | Vaults:5 | Killed a dread lich
 51201 | Vaults:5 | Received a gift from Okawaru
 51290 | Vaults:5 | Got a silver rune of Zot
 51518 | Vaults:5 | 51518 ||| Stepping ~*~*~tactically~*~*~ (hiding).
 51519 | Vaults:5 | 51519 ||| Stepping ~*~*~tactically~*~*~ (hiding).
 51549 | Vaults:5 | 51549 ||| INVOKING Heroism.
 51572 | Vaults:5 | 51572 ||| Stepping ~*~*~tactically~*~*~ (stealth).
 51589 | Vaults:5 | 51589 ||| READING scroll of enchant armour.
 51589 | Vaults:5 | 51589 ||| ENCHANTING +5 plate armour of willpower.
 51783 | Vaults:5 | Identified the amulet "Wueklaig" {RegenMP Will- Str+3 Int+2
                  | Dex+2}
 51787 | Vaults:5 | 51787 ||| PLANNING SHOPPING SPREE
 51787 | Vaults:5 | 51787 ||| DROPPING +0 plate armour of the Volcano {-Cast
                  | Fly rC- Str+10}.
 51788 | Vaults:5 | 51788 ||| DROPPING +2 plate armour of Catatonia {Str+6}.
 51789 | Vaults:5 | 51789 ||| DROPPING +0 cloak of preservation.
 51790 | Vaults:5 | 51790 ||| DROPPING amulet "Wueklaig" {RegenMP Will- Str+3
                  | Int+2 Dex+2}.
 52089 | Orc:2    | 52089 ||| BUYING potion of curing (36 gold).
 52089 | Orc:2    | Bought a potion of curing for 36 gold pieces
 52089 | Orc:2    | 52089 ||| BUYING potion of curing (36 gold).
 52089 | Orc:2    | Bought a potion of curing for 36 gold pieces
 52089 | Orc:2    | 52089 ||| BUYING potion of experience (600 gold).
 52089 | Orc:2    | Bought a potion of experience for 600 gold pieces
 52089 | Orc:2    | 52089 ||| BUYING potion of heal wounds (60 gold).
 52089 | Orc:2    | Bought a potion of heal wounds for 60 gold pieces
 52089 | Orc:2    | 52089 ||| BUYING potion of might (48 gold).
 52089 | Orc:2    | Bought a potion of might for 48 gold pieces
 52089 | Orc:2    | 52089 ||| DRINKING potion of experience.
 52089 | Orc:2    | Reached XP level 25. HP: 173/173 MP: 30/30
 52334 | Snake:3  | 52334 ||| BUYING pair of embroidered boots (277 gold).
 52334 | Snake:3  | Bought a pair of embroidered boots for 277 gold pieces
 52334 | Snake:3  | 52334 ||| DROPPING +2 pair of boots of rampaging.
 52577 | Orc:2    | 52577 ||| BUYING runed scarf (312 gold).
 52577 | Orc:2    | Bought a runed scarf for 312 gold pieces
 52577 | Orc:2    | 52577 ||| DROPPING scarf of invisibility.
 52637 | Orc:2    | 52637 ||| CLEARING SHOPPING LIST
 52637 | Orc:2    | 52637 ||| PLANNING ZOT
 52637 | Orc:2    | 52637 ||| READING 11 scrolls of teleportation.
 52924 | Zot:1    | Entered Level 1 of the Realm of Zot
 52942 | Zot:1    | 52942 ||| INVOKING Heroism.
 52955 | Zot:1    | Reached skill level 21 in Armour
 53062 | Zot:1    | 53062 ||| INVOKING Heroism.
 53129 | Zot:1    | Received a gift from Okawaru
 53523 | Zot:2    | 53523 ||| STAIRDANCE
 53586 | Zot:2    | 53586 ||| STAIRDANCE
 53621 | Zot:2    | 53621 ||| INVOKING Heroism.
 53622 | Zot:2    | 53622 ||| STAIRDANCE
 53655 | Zot:2    | 53655 ||| STAIRDANCE
 53803 | Zot:2    | 53803 ||| STAIRDANCE
 53889 | Zot:2    | 53889 ||| STAIRDANCE
 53969 | Zot:2    | 53969 ||| INVOKING Heroism.
 54101 | Zot:2    | 54101 ||| Stepping ~*~*~tactically~*~*~ (stealth).
 54107 | Zot:2    | 54107 ||| Stepping ~*~*~tactically~*~*~ (stealth).
 54108 | Zot:2    | 54108 ||| Stepping ~*~*~tactically~*~*~ (stealth).
 54110 | Zot:2    | 54110 ||| Stepping ~*~*~tactically~*~*~ (hiding).
 54116 | Zot:2    | 54116 ||| Stepping ~*~*~tactically~*~*~ (hiding).
 54117 | Zot:2    | 54117 ||| INVOKING Heroism.
 54133 | Zot:2    | 54133 ||| Stepping ~*~*~tactically~*~*~ (stealth).
 54136 | Zot:2    | 54136 ||| Stepping ~*~*~tactically~*~*~ (hiding).
 54272 | Zot:2    | Received a gift from Okawaru
 54299 | Zot:2    | 54299 ||| Stepping ~*~*~tactically~*~*~ (stealth).
 54301 | Zot:2    | 54301 ||| Stepping ~*~*~tactically~*~*~ (stealth).
 54342 | Zot:2    | 54342 ||| Stepping ~*~*~tactically~*~*~ (stealth).
 54343 | Zot:2    | 54343 ||| Stepping ~*~*~tactically~*~*~ (hiding).
 54347 | Zot:2    | 54347 ||| INVOKING Heroism.
 54359 | Zot:2    | Reached XP level 26. HP: 176/179 MP: 30/30
 54372 | Zot:2    | 54372 ||| Stepping ~*~*~tactically~*~*~ (hiding).
 54381 | Zot:2    | 54381 ||| Stepping ~*~*~tactically~*~*~ (hiding).
 54382 | Zot:2    | 54382 ||| Stepping ~*~*~tactically~*~*~ (hiding).
 54405 | Zot:2    | 54405 ||| Stepping ~*~*~tactically~*~*~ (hiding).
 54413 | Zot:2    | 54413 ||| Stepping ~*~*~tactically~*~*~ (hiding).
 54418 | Zot:2    | Identified the +0 robe of the Aged Lovers {Dex+4} (Okawaru
                  | gifted it to you on level 2 of the Realm of Zot)
 54418 | Zot:2    | Received a gift from Okawaru
 54422 | Zot:2    | 54422 ||| INVOKING Heroism.
 54454 | Zot:2    | 54454 ||| INVOKING Heroism.
 54785 | Zot:2    | Found a transporter.
 54800 | Zot:2    | Found a transporter.
 54815 | Zot:2    | Found a transporter.
 54815 | Zot:2    | Found a transporter.
 54848 | Zot:2    | Found a transporter.
 55019 | Zot:3    | 55019 ||| INVOKING Heroism.
 55023 | Zot:3    | 55023 ||| Stepping ~*~*~tactically~*~*~ (hiding).
 55024 | Zot:3    | 55024 ||| Stepping ~*~*~tactically~*~*~ (hiding).
 55219 | Zot:3    | 55219 ||| INVOKING Heroism.
 55236 | Zot:3    | 55236 ||| Stepping ~*~*~tactically~*~*~ (hiding).
 55628 | Zot:3    | 55628 ||| Stepping ~*~*~tactically~*~*~ (hiding).
 55629 | Zot:3    | 55629 ||| Stepping ~*~*~tactically~*~*~ (hiding).
 55634 | Zot:3    | 55634 ||| Stepping ~*~*~tactically~*~*~ (hiding).
 55637 | Zot:3    | 55637 ||| INVOKING Heroism.
 55857 | Zot:3    | 55857 ||| Stepping ~*~*~tactically~*~*~ (stealth).
 55860 | Zot:3    | Identified the ring of the Gloaming {Ice rElec Str+2 Int+5
                  | Slay+3}
 55860 | Zot:3    | Noticed Josephina
 55861 | Zot:3    | 55861 ||| Stepping ~*~*~tactically~*~*~ (stealth).
 55863 | Zot:3    | 55863 ||| Stepping ~*~*~tactically~*~*~ (hiding).
 55877 | Zot:3    | Killed Josephina
 56072 | Zot:3    | 56072 ||| INVOKING Heroism.
 56258 | Zot:3    | 56258 ||| DROPPING amulet of magic regeneration.
 56280 | Zot:4    | 56280 ||| INVOKING Heroism.
 56307 | Zot:4    | 56307 ||| Stepping ~*~*~tactically~*~*~ (hiding).
 56401 | Zot:4    | 56401 ||| Stepping ~*~*~tactically~*~*~ (hiding).
 56411 | Zot:4    | 56411 ||| Stepping ~*~*~tactically~*~*~ (hiding).
 56417 | Zot:4    | 56417 ||| INVOKING Heroism.
 56426 | Zot:4    | 56426 ||| Stepping ~*~*~tactically~*~*~ (hiding).
 56455 | Zot:4    | 56455 ||| Stepping ~*~*~tactically~*~*~ (hiding).
 56456 | Zot:4    | 56456 ||| Stepping ~*~*~tactically~*~*~ (hiding).
 56475 | Zot:4    | 56475 ||| INVOKING Heroism.
 56538 | Zot:4    | 56538 ||| Stepping ~*~*~tactically~*~*~ (stealth).
 56541 | Zot:4    | 56541 ||| Stepping ~*~*~tactically~*~*~ (stealth).
 56557 | Zot:4    | 56557 ||| Stepping ~*~*~tactically~*~*~ (hiding).
 56779 | Zot:4    | 56779 ||| INVOKING Heroism.
 56876 | Zot:4    | 56876 ||| INVOKING Heroism.
 56908 | Zot:4    | 56908 ||| Stepping ~*~*~tactically~*~*~ (hiding).
 56909 | Zot:4    | 56909 ||| Stepping ~*~*~tactically~*~*~ (hiding).
 56918 | Zot:4    | 56918 ||| INVOKING Heroism.
 57203 | Zot:4    | 57203 ||| Stepping ~*~*~tactically~*~*~ (stealth).
 57209 | Zot:4    | 57209 ||| Stepping ~*~*~tactically~*~*~ (stealth).
 57210 | Zot:4    | 57210 ||| Stepping ~*~*~tactically~*~*~ (stealth).
 57463 | Zot:5    | Entered Level 5 of the Realm of Zot
 57464 | Zot:5    | 57464 ||| STAIRDANCE
 57515 | Zot:5    | 57515 ||| INVOKING Heroism.
 57539 | Zot:5    | 57539 ||| Stepping ~*~*~tactically~*~*~ (hiding).
 57540 | Zot:5    | 57540 ||| Stepping ~*~*~tactically~*~*~ (hiding).
 57665 | Zot:5    | 57665 ||| INVOKING Heroism.
 57774 | Zot:5    | 57774 ||| FLEEEEING.
 57777 | Zot:5    | 57777 ||| FLEEEEING.
 57778 | Zot:5    | 57778 ||| FLEEEEING.
 57779 | Zot:5    | 57779 ||| FLEEEEING.
 57780 | Zot:5    | 57780 ||| FLEEEEING.
 57911 | Zot:5    | 57911 ||| INVOKING Heroism.
 57912 | Zot:5    | 57912 ||| Stepping ~*~*~tactically~*~*~ (hiding).
 57918 | Zot:5    | Noticed an ancient lich
 57919 | Zot:5    | 57919 ||| INVOKING Finesse.
 57922 | Zot:5    | Noticed an ancient lich
 57941 | Zot:5    | Killed an ancient lich
 57942 | Zot:5    | Reached skill level 15 in Dodging
 57942 | Zot:5    | Killed an ancient lich
 57943 | Zot:5    | 57943 ||| Stepping ~*~*~tactically~*~*~ (hiding).
 57956 | Zot:5    | Received a gift from Okawaru
 57966 | Zot:5    | 57966 ||| INVOKING Heroism.
 57994 | Zot:5    | 57994 ||| Stepping ~*~*~tactically~*~*~ (hiding).
 57994 | Zot:5    | Noticed an orb of fire
 57995 | Zot:5    | 57995 ||| DRINKING 3 potions of resistance.
 57996 | Zot:5    | Noticed an ancient lich
 57996 | Zot:5    | Noticed a Killer Klown
 57999 | Zot:5    | Noticed an orb of fire
 58011 | Zot:5    | Gained mutation: You are clumsy. (Dex -2) [an orb of fire]
 58012 | Zot:5    | Killed an orb of fire
 58013 | Zot:5    | Reached XP level 27. HP: 85/188 MP: 15/30
 58021 | Zot:5    | 58021 ||| INVOKING Finesse.
 58022 | Zot:5    | 58022 ||| INVOKING Finesse.
 58025 | Zot:5    | Killed an ancient lich
 58026 | Zot:5    | 58026 ||| Stepping ~*~*~tactically~*~*~ (hiding).
 58045 | Zot:5    | Killed an orb of fire
 58356 | Zot:5    | Reached skill level 24 in Fighting
 58358 | Zot:5    | 58358 ||| Stepping ~*~*~tactically~*~*~ (stealth).
 58359 | Zot:5    | 58359 ||| Stepping ~*~*~tactically~*~*~ (stealth).
 58360 | Zot:5    | 58360 ||| Stepping ~*~*~tactically~*~*~ (stealth).
 58362 | Zot:5    | 58362 ||| INVOKING Heroism.
 58425 | Zot:5    | Noticed an orb of fire
 58425 | Zot:5    | Gained mutation: You are frail. (-10% HP) [an orb of fire]
 58426 | Zot:5    | 58426 ||| Stepping ~*~*~tactically~*~*~ (hiding).
 58427 | Zot:5    | 58427 ||| DRINKING 2 potions of resistance.
 58428 | Zot:5    | 58428 ||| Stepping ~*~*~tactically~*~*~ (hiding).
 58429 | Zot:5    | 58429 ||| INVOKING Heroism.
 58430 | Zot:5    | 58430 ||| INVOKING Finesse.
 58432 | Zot:5    | Gained mutation: You sometimes lose your temper in combat.
                  | [an orb of fire]
 58436 | Zot:5    | 58436 ||| Stepping ~*~*~tactically~*~*~ (hiding).
 58438 | Zot:5    | Noticed an orb of fire
 58438 | Zot:5    | Noticed an ancient lich
 58452 | Zot:5    | Killed an orb of fire
 58452 | Zot:5    | Identified the +8 plate armour of a treasure trove {rPois
                  | Int-3 Dex+2} (Okawaru gifted it to you on level 5 of the
                  | Realm of Zot)
 58452 | Zot:5    | Received a gift from Okawaru
 58452 | Zot:5    | Gained mutation: Your movements are slightly less
                  | encumbered by armour. (ER -2) [an orb of fire]
 58457 | Zot:5    | Killed an ancient lich
 58458 | Zot:5    | 58458 ||| Stepping ~*~*~tactically~*~*~ (hiding).
 58462 | Zot:5    | Killed an orb of fire
 58463 | Zot:5    | Noticed a dread lich
 58476 | Zot:5    | Killed a dread lich
 58564 | Zot:5    | 58564 ||| DRINKING 7 potions of mutation.
 58564 | Zot:5    | Lost mutation: Your movements are slightly less encumbered
                  | by armour. (ER -2) [potion of mutation]
 58564 | Zot:5    | Lost mutation: You are frail. (-10% HP) [potion of
                  | mutation]
 58564 | Zot:5    | Lost mutation: You are clumsy. (Dex -2) [potion of
                  | mutation]
 58564 | Zot:5    | Gained mutation: You have a somewhat thin skeletal
                  | structure. (Dex +2, Stealth+) [potion of mutation]
 58564 | Zot:5    | Gained mutation: You are partially covered in iridescent
                  | scales. (AC +2) [potion of mutation]
 58564 | Zot:5    | Gained mutation: Your body sometimes deteriorates upon
                  | taking damage. [potion of mutation]
 58611 | Zot:5    | 58611 ||| DRINKING 6 potions of mutation.
 58611 | Zot:5    | Lost mutation: Your body sometimes deteriorates upon taking
                  | damage. [potion of mutation]
 58611 | Zot:5    | Lost mutation: You are partially covered in iridescent
                  | scales. (AC +2) [potion of mutation]
 58611 | Zot:5    | Gained mutation: You occasionally lose the ability to drink
                  | potions when taking damage. [potion of mutation]
 58612 | Zot:5    | 58612 ||| DRINKING 5 potions of mutation.
 58612 | Zot:5    | Lost mutation: You sometimes lose your temper in combat.
                  | [potion of mutation]
 58612 | Zot:5    | Lost mutation: You occasionally lose the ability to drink
                  | potions when taking damage. [potion of mutation]
 58612 | Zot:5    | Lost mutation: You have a somewhat thin skeletal structure.
                  | (Dex +2, Stealth+) [potion of mutation]
 58612 | Zot:5    | Gained mutation: You have large cloven feet. [potion of
                  | mutation]
 58612 | Zot:5    | Gained mutation: You have a pair of small horns on your
                  | head. [potion of mutation]
 58612 | Zot:5    | Gained mutation: You have sharp fingernails. [potion of
                  | mutation]
 58636 | Zot:5    | 58636 ||| FLEEEEING.
 58643 | Zot:5    | Noticed a dread lich
 58644 | Zot:5    | 58644 ||| INVOKING Heroism.
 58645 | Zot:5    | 58645 ||| INVOKING Finesse.
 58651 | Zot:5    | Noticed an ancient lich
 58672 | Zot:5    | Killed a dread lich
 58675 | Zot:5    | Killed an ancient lich
 58675 | Zot:5    | HP: 28/192 [Orb Guardian (26)]
 58676 | Zot:5    | 58676 ||| READING 10 scrolls of teleportation.
 58677 | Zot:5    | 58677 ||| DRINKING 7 potions of heal wounds.
 58678 | Zot:5    | 58678 ||| DRINKING 6 potions of heal wounds.
 58684 | Zot:5    | HP: 46/192 [black draconian/+0 trident[a yellow draconian
                  | annihilator] (4)]
 58685 | Zot:5    | 58685 ||| DRINKING 5 potions of heal wounds.
 58961 | Zot:5    | Found a runed translucent door.
 58964 | Zot:5    | Noticed qw's ghost (master GrFi)
 58987 | Zot:5    | 58987 ||| INVOKING Heroism.
 59097 | Zot:5    | 59097 ||| FLEEEEING.
 59098 | Zot:5    | 59098 ||| FLEEEEING.
 59099 | Zot:5    | 59099 ||| FLEEEEING.
 59100 | Zot:5    | 59100 ||| FLEEEEING.
 59101 | Zot:5    | 59101 ||| FLEEEEING.
 59102 | Zot:5    | 59102 ||| FLEEEEING.
 59103 | Zot:5    | 59103 ||| FLEEEEING.
 59104 | Zot:5    | 59104 ||| FLEEEEING.
 59109 | Zot:5    | 59109 ||| FLEEEEING.
 59111 | Zot:5    | 59111 ||| FLEEEEING.
 59112 | Zot:5    | 59112 ||| FLEEEEING.
 59113 | Zot:5    | 59113 ||| FLEEEEING.
 59114 | Zot:5    | 59114 ||| FLEEEEING.
 59115 | Zot:5    | 59115 ||| FLEEEEING.
 59119 | Zot:5    | 59119 ||| Stepping ~*~*~tactically~*~*~ (hiding).
 59127 | Zot:5    | 59127 ||| INVOKING Heroism.
 59331 | Zot:5    | 59331 ||| PLANNING CONVERSION TO THE SHINING ONE
 59331 | Zot:5    | 59331 ||| UPGRADING to +8 plate armour of a treasure trove
                  | {rPois Int-3 Dex+2}.
 59341 | Zot:5    | 59341 ||| DROPPING +2 helmet.
 59342 | Zot:5    | 59342 ||| DROPPING +6 plate armour of willpower.
 59343 | Zot:5    | 59343 ||| DROPPING +0 helmet of the Poles {rC+ Stlth+}.
 59344 | Zot:5    | 59344 ||| DROPPING 45 boomerangs.
 59345 | Zot:5    | 59345 ||| DROPPING 9 silver boomerangs.
 59346 | Zot:5    | 59346 ||| DROPPING 8 boomerangs of dispersal.
 59786 | D:4      | Fell from the grace of Okawaru
 59786 | D:4      | Became a worshipper of the Shining One
 59787 | D:4      | 59787 ||| PLANNING CRYPT
 59843 | D:4      | 59843 ||| DROPPING +0 hand axe.
 60121 | Crypt:1  | Entered Level 1 of the Crypt
 60241 | Crypt:1  | 60241 ||| Stepping ~*~*~tactically~*~*~ (hiding).
 60383 | Crypt:1  | 60383 ||| Stepping ~*~*~tactically~*~*~ (stealth).
 60408 | Crypt:1  | Reached * piety under the Shining One
 60427 | Crypt:1  | Found a runed translucent door.
 60427 | Crypt:1  | Noticed Bunoc's ghost (veteran FoFi)
 60485 | Crypt:1  | Reached ** piety under the Shining One
 60606 | Crypt:1  | 60606 ||| Stepping ~*~*~tactically~*~*~ (hiding).
 60610 | Crypt:1  | 60610 ||| Stepping ~*~*~tactically~*~*~ (hiding).
 60612 | Crypt:1  | 60612 ||| Stepping ~*~*~tactically~*~*~ (hiding).
 61061 | Crypt:2  | 61061 ||| Stepping ~*~*~tactically~*~*~ (hiding).
 61064 | Crypt:2  | Reached *** piety under the Shining One
 61147 | Crypt:2  | 61147 ||| Stepping ~*~*~tactically~*~*~ (stealth).
 61198 | Crypt:2  | Noticed an ancient lich
 61199 | Crypt:2  | 61199 ||| INVOKING Cleansing Flame.
 61200 | Crypt:2  | 61200 ||| INVOKING Cleansing Flame.
 61202 | Crypt:2  | Killed an ancient lich
 61203 | Crypt:2  | Reached skill level 12 in Invocations
 61214 | Crypt:2  | 61214 ||| Stepping ~*~*~tactically~*~*~ (hiding).
 61215 | Crypt:2  | 61215 ||| Stepping ~*~*~tactically~*~*~ (hiding).
 61221 | Crypt:2  | 61221 ||| INVOKING Cleansing Flame.
 61246 | Crypt:2  | Identified the ring of Jipisuec {rF+ Stlth+}
 61301 | Crypt:2  | 61301 ||| Stepping ~*~*~tactically~*~*~ (stealth).
 61310 | Crypt:2  | 61310 ||| Stepping ~*~*~tactically~*~*~ (stealth).
 61334 | Crypt:2  | Reached **** piety under the Shining One
 61422 | Crypt:2  | 61422 ||| DROPPING ring of positive energy.
 61437 | Crypt:2  | 61437 ||| Stepping ~*~*~tactically~*~*~ (hiding).
 61595 | Crypt:2  | 61595 ||| Stepping ~*~*~tactically~*~*~ (stealth).
 61602 | Crypt:2  | 61602 ||| Stepping ~*~*~tactically~*~*~ (hiding).
 61796 | Crypt:2  | 61796 ||| Stepping ~*~*~tactically~*~*~ (stealth).
 61797 | Crypt:2  | 61797 ||| Stepping ~*~*~tactically~*~*~ (stealth).
 61801 | Crypt:2  | 61801 ||| Stepping ~*~*~tactically~*~*~ (stealth).
 61803 | Crypt:2  | Reached ***** piety under the Shining One
 61815 | Crypt:2  | 61815 ||| Stepping ~*~*~tactically~*~*~ (hiding).
 61941 | Crypt:2  | 61941 ||| Stepping ~*~*~tactically~*~*~ (stealth).
 61943 | Crypt:2  | 61943 ||| Stepping ~*~*~tactically~*~*~ (hiding).
 61944 | Crypt:2  | 61944 ||| Stepping ~*~*~tactically~*~*~ (hiding).
 62263 | Crypt:2  | 62263 ||| DROPPING ring of Jipisuec {rF+ Stlth+}.
 62272 | Crypt:3  | Entered Level 3 of the Crypt
 62274 | Crypt:3  | 62274 ||| STAIRDANCE
 62296 | Crypt:3  | 62296 ||| Stepping ~*~*~tactically~*~*~ (stealth).
 62410 | Crypt:3  | Reached ****** piety under the Shining One
 62413 | Crypt:3  | 62413 ||| INVOKING Brand Weapon With Holy Wrath.
 62413 | Crypt:3  | Identified a +2 war axe of holy wrath (a +0 war axe blessed
                  | by the Shining One)
 62413 | Crypt:3  | Received a gift from the Shining One
 62414 | Crypt:3  | 62414 ||| DROPPING +2 war axe of holy wrath.
 62438 | Crypt:3  | Found an ancient bone altar of Kikubaaqudgha.
 62552 | Crypt:3  | Reached skill level 15 in Invocations
 62818 | Crypt:3  | Found a staircase to the Tomb.
 62819 | Crypt:3  | 62819 ||| INVOKING Cleansing Flame.
 62931 | Crypt:3  | 62931 ||| INVOKING Summon Divine Warrior.
 62934 | Crypt:3  | 62934 ||| INVOKING Cleansing Flame.
 62935 | Crypt:3  | 62935 ||| INVOKING Cleansing Flame.
 63077 | Crypt:3  | Found the +15 Maxwell's patent armour {-Cast -Tele rElec
                  | Will+ rCorr}
 63178 | Crypt:3  | 63178 ||| Stepping ~*~*~tactically~*~*~ (stealth).
 63180 | Crypt:3  | 63180 ||| Stepping ~*~*~tactically~*~*~ (stealth).
 63188 | Crypt:3  | Noticed Grunn
 63189 | Crypt:3  | 63189 ||| Stepping ~*~*~tactically~*~*~ (hiding).
 63194 | Crypt:3  | 63194 ||| INVOKING Summon Divine Warrior.
 63198 | Crypt:3  | 63198 ||| INVOKING Cleansing Flame.
 63198 | Crypt:3  | Killed Grunn
 63391 | Crypt:3  | 63391 ||| PLANNING TOMB
 63460 | Tomb:1   | Entered Level 1 of the Tomb of the Ancients
 63769 | Tomb:1   | 63769 ||| INVOKING Cleansing Flame.
 63770 | Tomb:1   | 63770 ||| INVOKING Cleansing Flame.
 63771 | Tomb:1   | 63771 ||| INVOKING Cleansing Flame.
 63880 | Tomb:1   | 63880 ||| INVOKING Cleansing Flame.
 63901 | Tomb:1   | 63901 ||| Stepping ~*~*~tactically~*~*~ (hiding).
 63906 | Tomb:1   | 63906 ||| DRINKING 27 potions of curing.
 63906 | Tomb:1   | 63906 ||| (to cure confusion)
 63909 | Tomb:1   | Paralysed by a sphinx for 4 turns
 63915 | Tomb:1   | 63915 ||| INVOKING Cleansing Flame.
 64098 | Tomb:1   | Noticed a royal mummy
 64099 | Tomb:1   | 64099 ||| INVOKING Summon Divine Warrior.
 64100 | Tomb:1   | 64100 ||| INVOKING Cleansing Flame.
 64104 | Tomb:1   | 64104 ||| INVOKING Cleansing Flame.
 64105 | Tomb:1   | 64105 ||| INVOKING Cleansing Flame.
 64106 | Tomb:1   | 64106 ||| INVOKING Cleansing Flame.
 64107 | Tomb:1   | 64107 ||| INVOKING Cleansing Flame.
 64107 | Tomb:1   | Killed a royal mummy
 64111 | Tomb:1   | Reached skill level 18 in Invocations
 64114 | Tomb:1   | 64114 ||| INVOKING Cleansing Flame.
 64117 | Tomb:1   | Noticed a royal mummy
 64123 | Tomb:1   | 64123 ||| INVOKING Cleansing Flame.
 64127 | Tomb:1   | 64127 ||| INVOKING Cleansing Flame.
 64134 | Tomb:1   | Killed a royal mummy
 64276 | Tomb:1   | 64276 ||| INVOKING Cleansing Flame.
 64345 | Tomb:1   | 64345 ||| INVOKING Cleansing Flame.
 64409 | Tomb:1   | 64409 ||| INVOKING Cleansing Flame.
 64771 | Tomb:1   | Identified the +8 scimitar "Ibauluenn" {flame, rF+ rC+
                  | rN++}
 64961 | Tomb:1   | Was forgiven by Okawaru
 65016 | Tomb:2   | 65016 ||| DRINKING 10 potions of haste.
 65016 | Tomb:2   | Noticed a royal mummy
 65016 | Tomb:2   | Noticed a royal mummy
 65016 | Tomb:2   | Noticed a royal mummy
 65017 | Tomb:2   | 65017 ||| DRINKING 8 potions of attraction.
 65018 | Tomb:2   | 65018 ||| INVOKING Summon Divine Warrior.
 65019 | Tomb:2   | 65019 ||| INVOKING Cleansing Flame.
 65024 | Tomb:2   | Killed a royal mummy
 65025 | Tomb:2   | Noticed a royal mummy
 65027 | Tomb:2   | Killed a royal mummy
 65029 | Tomb:2   | 65029 ||| INVOKING Cleansing Flame.
 65030 | Tomb:2   | Killed a royal mummy
 65036 | Tomb:2   | Killed a royal mummy
 65097 | Tomb:2   | 65097 ||| INVOKING Cleansing Flame.
 65107 | Tomb:2   | 65107 ||| INVOKING Cleansing Flame.
 65171 | Tomb:2   | 65171 ||| INVOKING Cleansing Flame.
 65178 | Tomb:2   | 65178 ||| INVOKING Cleansing Flame.
 65181 | Tomb:2   | 65181 ||| Stepping ~*~*~tactically~*~*~ (stealth).
 65183 | Tomb:2   | 65183 ||| Stepping ~*~*~tactically~*~*~ (hiding).
 65373 | Tomb:1   | Noticed a royal mummy
 65374 | Tomb:1   | 65374 ||| INVOKING Summon Divine Warrior.
 65377 | Tomb:1   | Killed a royal mummy
 65452 | Tomb:1   | 65452 ||| Stepping ~*~*~tactically~*~*~ (stealth).
 65479 | Tomb:1   | Noticed a royal mummy
 65480 | Tomb:1   | 65480 ||| INVOKING Summon Divine Warrior.
 65484 | Tomb:1   | 65484 ||| INVOKING Cleansing Flame.
 65485 | Tomb:1   | 65485 ||| INVOKING Cleansing Flame.
 65486 | Tomb:1   | Noticed a royal mummy
 65488 | Tomb:1   | Killed a royal mummy
 65491 | Tomb:1   | Noticed a royal mummy
 65494 | Tomb:1   | Noticed a royal mummy
 65495 | Tomb:1   | 65495 ||| INVOKING Summon Divine Warrior.
 65497 | Tomb:1   | Killed a royal mummy
 65498 | Tomb:1   | 65498 ||| INVOKING Cleansing Flame.
 65499 | Tomb:1   | 65499 ||| INVOKING Cleansing Flame.
 65500 | Tomb:1   | 65500 ||| INVOKING Cleansing Flame.
 65500 | Tomb:1   | Killed a royal mummy
 65500 | Tomb:1   | Killed a royal mummy
 65508 | Tomb:1   | Noticed a royal mummy
 65511 | Tomb:1   | Noticed a royal mummy
 65512 | Tomb:1   | 65512 ||| INVOKING Cleansing Flame.
 65513 | Tomb:1   | 65513 ||| DRINKING 9 potions of magic.
 65514 | Tomb:1   | 65514 ||| INVOKING Cleansing Flame.
 65515 | Tomb:1   | 65515 ||| INVOKING Summon Divine Warrior.
 65518 | Tomb:1   | 65518 ||| INVOKING Cleansing Flame.
 65519 | Tomb:1   | 65519 ||| INVOKING Cleansing Flame.
 65519 | Tomb:1   | Killed a royal mummy
 65523 | Tomb:1   | Noticed a royal mummy
 65524 | Tomb:1   | 65524 ||| INVOKING Cleansing Flame.
 65525 | Tomb:1   | 65525 ||| INVOKING Cleansing Flame.
 65526 | Tomb:1   | Killed a royal mummy
 65527 | Tomb:1   | Noticed a royal mummy
 65529 | Tomb:1   | 65529 ||| DRINKING 8 potions of magic.
 65530 | Tomb:1   | 65530 ||| INVOKING Cleansing Flame.
 65531 | Tomb:1   | 65531 ||| INVOKING Cleansing Flame.
 65533 | Tomb:1   | 65533 ||| INVOKING Cleansing Flame.
 65533 | Tomb:1   | HP: 46/192 [??? (9)]
 65534 | Tomb:1   | 65534 ||| READING 12 scrolls of teleportation.
 65535 | Tomb:1   | 65535 ||| DRINKING 5 potions of heal wounds.
 65535 | Tomb:1   | Noticed a royal mummy
 65535 | Tomb:1   | Noticed a royal mummy
 65536 | Tomb:1   | 65536 ||| INVOKING Summon Divine Warrior.
 65536 | Tomb:1   | Gained mutation: Your spells are a little easier to cast,
                  | but a little less powerful. [mutagenic glow]
 65539 | Tomb:1   | 65539 ||| INVOKING Cleansing Flame.
 65541 | Tomb:1   | Killed a royal mummy
 65541 | Tomb:1   | HP: 34/192 [something (30)]
 65542 | Tomb:1   | 65542 ||| READING 11 scrolls of teleportation.
 65543 | Tomb:1   | 65543 ||| DRINKING 4 potions of heal wounds.
 65982 | Tomb:1   | Noticed a royal mummy
 65983 | Tomb:1   | 65983 ||| INVOKING Cleansing Flame.
 65984 | Tomb:1   | 65984 ||| INVOKING Cleansing Flame.
 65985 | Tomb:1   | 65985 ||| INVOKING Cleansing Flame.
 65986 | Tomb:1   | 65986 ||| INVOKING Cleansing Flame.
 65987 | Tomb:1   | 65987 ||| INVOKING Cleansing Flame.
 65987 | Tomb:1   | Killed a royal mummy
 65988 | Tomb:1   | 65988 ||| INVOKING Summon Divine Warrior.
 65989 | Tomb:1   | 65989 ||| INVOKING Cleansing Flame.
 65991 | Tomb:1   | Killed a royal mummy
 65992 | Tomb:1   | Reached skill level 21 in Invocations
 66151 | Tomb:1   | Noticed a royal mummy
 66152 | Tomb:1   | 66152 ||| INVOKING Summon Divine Warrior.
 66155 | Tomb:1   | 66155 ||| INVOKING Cleansing Flame.
 66158 | Tomb:1   | Killed a royal mummy
 66166 | Tomb:1   | Killed a royal mummy
 66303 | Tomb:1   | Noticed a royal mummy
 66304 | Tomb:1   | 66304 ||| INVOKING Summon Divine Warrior.
 66314 | Tomb:1   | Killed a royal mummy
 66509 | Tomb:1   | Noticed a royal mummy
 66513 | Tomb:1   | 66513 ||| INVOKING Cleansing Flame.
 66514 | Tomb:1   | 66514 ||| INVOKING Cleansing Flame.
 66515 | Tomb:1   | 66515 ||| INVOKING Cleansing Flame.
 66516 | Tomb:1   | 66516 ||| INVOKING Cleansing Flame.
 66516 | Tomb:1   | Killed a royal mummy
 66616 | Tomb:1   | 66616 ||| INVOKING Cleansing Flame.
 66625 | Tomb:1   | Killed a royal mummy
 66661 | Tomb:1   | Noticed a royal mummy
 66665 | Tomb:1   | 66665 ||| INVOKING Cleansing Flame.
 66669 | Tomb:1   | Killed a royal mummy
 66873 | Tomb:1   | Noticed a royal mummy
 66874 | Tomb:1   | 66874 ||| Stepping ~*~*~tactically~*~*~ (hiding).
 66882 | Tomb:1   | Noticed a royal mummy
 66886 | Tomb:1   | Killed a royal mummy
 66887 | Tomb:1   | 66887 ||| Stepping ~*~*~tactically~*~*~ (hiding).
 66891 | Tomb:1   | 66891 ||| INVOKING Cleansing Flame.
 66897 | Tomb:1   | Killed a royal mummy
 67380 | Tomb:1   | 67380 ||| Stepping randomly (cloudy).
 67387 | Tomb:1   | 67387 ||| Stepping randomly (cloudy).
 67390 | Tomb:1   | 67390 ||| Stepping ~*~*~tactically~*~*~ (cloud).
 67728 | Tomb:2   | 67728 ||| Stepping ~*~*~tactically~*~*~ (hiding).
 67752 | Tomb:2   | 67752 ||| Stepping ~*~*~tactically~*~*~ (hiding).
 67837 | Tomb:2   | 67837 ||| Stepping ~*~*~tactically~*~*~ (hiding).
 67838 | Tomb:2   | 67838 ||| Stepping ~*~*~tactically~*~*~ (hiding).
 67866 | Tomb:2   | 67866 ||| INVOKING Cleansing Flame.
 67992 | Tomb:3   | Entered Level 3 of the Tomb of the Ancients
 67993 | Tomb:3   | 67993 ||| DRINKING 9 potions of haste.
 67994 | Tomb:3   | 67994 ||| DRINKING 7 potions of attraction.
 68040 | Tomb:3   | 68040 ||| INVOKING Summon Divine Warrior.
 68050 | Tomb:3   | Noticed a royal mummy
 68057 | Tomb:3   | Noticed a royal mummy
 68058 | Tomb:3   | 68058 ||| INVOKING Cleansing Flame.
 68059 | Tomb:3   | Noticed a royal mummy
 68061 | Tomb:3   | 68061 ||| INVOKING Cleansing Flame.
 68062 | Tomb:3   | 68062 ||| INVOKING Summon Divine Warrior.
 68063 | Tomb:3   | Noticed a royal mummy
 68063 | Tomb:3   | 68063 ||| INVOKING Cleansing Flame.
 68064 | Tomb:3   | 68064 ||| INVOKING Cleansing Flame.
 68064 | Tomb:3   | Killed a royal mummy
 68066 | Tomb:3   | Noticed a royal mummy
 68067 | Tomb:3   | 68067 ||| INVOKING Cleansing Flame.
 68067 | Tomb:3   | Killed a royal mummy
 68068 | Tomb:3   | 68068 ||| INVOKING Cleansing Flame.
 68068 | Tomb:3   | Killed a royal mummy
 68068 | Tomb:3   | Killed a royal mummy
 68068 | Tomb:3   | Noticed a royal mummy
 68071 | Tomb:3   | 68071 ||| INVOKING Cleansing Flame.
 68072 | Tomb:3   | 68072 ||| INVOKING Cleansing Flame.
 68072 | Tomb:3   | Noticed a royal mummy
 68075 | Tomb:3   | 68075 ||| INVOKING Cleansing Flame.
 68076 | Tomb:3   | 68076 ||| INVOKING Cleansing Flame.
 68076 | Tomb:3   | Killed a royal mummy
 68078 | Tomb:3   | 68078 ||| INVOKING Cleansing Flame.
 68079 | Tomb:3   | Reached skill level 24 in Invocations
 68079 | Tomb:3   | 68079 ||| INVOKING Cleansing Flame.
 68079 | Tomb:3   | Killed a royal mummy
 68079 | Tomb:3   | Killed a royal mummy
 68085 | Tomb:3   | 68085 ||| INVOKING Cleansing Flame.
 68086 | Tomb:3   | Noticed a royal mummy
 68089 | Tomb:3   | Noticed a royal mummy
 68098 | Tomb:3   | HP: 42/192 [royal mummy/divine providence (13)]
 68099 | Tomb:3   | 68099 ||| READING 10 scrolls of teleportation.
 68100 | Tomb:3   | 68100 ||| DRINKING 3 potions of heal wounds.
 68104 | Tomb:3   | 68104 ||| Stepping ~*~*~tactically~*~*~ (stealth).
 68106 | Tomb:3   | 68106 ||| INVOKING Summon Divine Warrior.
 68110 | Tomb:3   | HP: 45/192 [royal mummy/divine providence (12)]
 68111 | Tomb:3   | 68111 ||| READING 9 scrolls of teleportation.
 68112 | Tomb:3   | 68112 ||| DRINKING 2 potions of heal wounds.
 68113 | Tomb:3   | 68113 ||| INVOKING Cleansing Flame.
 68115 | Tomb:3   | 68115 ||| INVOKING Summon Divine Warrior.
 68115 | Tomb:3   | Killed a royal mummy
 68115 | Tomb:3   | HP: 37/192 [something (21)]
 68116 | Tomb:3   | 68116 ||| DRINKING potion of heal wounds.
 68122 | Tomb:3   | 68122 ||| INVOKING Cleansing Flame.
 68124 | Tomb:3   | 68124 ||| INVOKING Cleansing Flame.
 68125 | Tomb:3   | 68125 ||| INVOKING Summon Divine Warrior.
 68126 | Tomb:3   | 68126 ||| INVOKING Cleansing Flame.
 68128 | Tomb:3   | Gained mutation: You occasionally lose the ability to read
                  | scrolls when taking damage. [mutagenic glow]
 68131 | Tomb:3   | 68131 ||| DRINKING 7 potions of magic.
 68132 | Tomb:3   | 68132 ||| INVOKING Cleansing Flame.
 68133 | Tomb:3   | 68133 ||| INVOKING Cleansing Flame.
 68135 | Tomb:3   | 68135 ||| INVOKING Summon Divine Warrior.
 68136 | Tomb:3   | 68136 ||| INVOKING Cleansing Flame.
 68137 | Tomb:3   | 68137 ||| INVOKING Cleansing Flame.
 68139 | Tomb:3   | 68139 ||| INVOKING Cleansing Flame.
 68140 | Tomb:3   | 68140 ||| INVOKING Summon Divine Warrior.
 68140 | Tomb:3   | Gained mutation: Your body sometimes deteriorates upon
                  | taking damage. [mutagenic glow]
 68141 | Tomb:3   | Killed a royal mummy
 68148 | Tomb:3   | Gained mutation: You occasionally lose the ability to drink
                  | potions when taking damage. [mutagenic glow]
 68154 | Tomb:3   | Gained mutation: You are clumsy. (Dex -2) [mutagenic glow]
 68164 | Tomb:3   | Gained mutation: You are very clumsy. (Dex -4) [mutagenic
                  | glow]
 68172 | Tomb:3   | Gained mutation: You are occasionally teleported next to
                  | monsters. [mutagenic glow]
 68200 | Tomb:3   | 68200 ||| DRINKING 5 potions of mutation.
 68200 | Tomb:3   | Lost mutation: You occasionally lose the ability to drink
                  | potions when taking damage. [potion of mutation]
 68200 | Tomb:3   | Lost mutation: Your body sometimes deteriorates upon taking
                  | damage. [potion of mutation]
 68200 | Tomb:3   | Lost mutation: Your spells are a little easier to cast, but
                  | a little less powerful. [potion of mutation]
 68200 | Tomb:3   | Gained mutation: You are covered in fur. (AC +1) [potion of
                  | mutation]
 68201 | Tomb:3   | 68201 ||| DRINKING 4 potions of mutation.
 68201 | Tomb:3   | Lost mutation: You are covered in fur. (AC +1) [potion of
                  | mutation]
 68201 | Tomb:3   | Lost mutation: You occasionally lose the ability to read
                  | scrolls when taking damage. [potion of mutation]
 68201 | Tomb:3   | Gained mutation: You are strong-willed. (Will+) [potion of
                  | mutation]
 68201 | Tomb:3   | Gained mutation: You have very sharp fingernails. [potion
                  | of mutation]
 68202 | Tomb:3   | 68202 ||| DRINKING 3 potions of mutation.
 68202 | Tomb:3   | Lost mutation: You have very sharp fingernails. [potion of
                  | mutation]
 68202 | Tomb:3   | Lost mutation: You have large cloven feet. [potion of
                  | mutation]
 68202 | Tomb:3   | Gained mutation: You expend magic power (3 MP) to
                  | strengthen your wands. [potion of mutation]
 68202 | Tomb:3   | Gained mutation: You passively map a small area around you.
                  | [potion of mutation]
 68202 | Tomb:3   | Gained mutation: Your flesh is cold resistant. (rC+)
                  | [potion of mutation]
 68203 | Tomb:3   | 68203 ||| DRINKING 2 potions of mutation.
 68203 | Tomb:3   | Lost mutation: You are strong-willed. (Will+) [potion of
                  | mutation]
 68203 | Tomb:3   | Lost mutation: You are very clumsy. (Dex -4) [potion of
                  | mutation]
 68203 | Tomb:3   | Gained mutation: You occasionally lose the ability to read
                  | scrolls when taking damage. [potion of mutation]
 68203 | Tomb:3   | Gained mutation: You are partially covered in large bone
                  | plates. (SH +4) [potion of mutation]
 68204 | Tomb:3   | 68204 ||| DRINKING potion of mutation.
 68204 | Tomb:3   | Lost mutation: You have a pair of small horns on your head.
                  | [potion of mutation]
 68204 | Tomb:3   | Lost mutation: You have sharp fingernails. [potion of
                  | mutation]
 68254 | Tomb:3   | Identified the ring of the Castellan {SInv Stlth+}
 68259 | Tomb:3   | Identified the +12 morningstar "Hosiubb" {vamp, Dex+3}
 68260 | Tomb:3   | Identified the +5 spear of Gravity {flame, Str+4 Stlth-}
 68276 | Tomb:3   | Identified the +7 morningstar "Omiri" {vorpal, Will+ Str+4}
 68419 | Tomb:3   | Identified the +4 quarterstaff of Compulsion {venom, rC+
                  | Str-4 Dex+5}
 68547 | Tomb:3   | Got a golden rune of Zot
 68556 | Tomb:3   | 68556 ||| PLANNING ZIG
 68556 | Tomb:3   | 68556 ||| DROPPING +1 pair of gloves of hurling.
 68557 | Tomb:3   | 68557 ||| DROPPING ring of the Castellan {SInv Stlth+}.
 68558 | Tomb:3   | 68558 ||| MAKING ZIG
 68560 | Zig:1    | Entered Level 1 of a ziggurat
 68579 | Zig:2    | Entered Level 2 of a ziggurat
 68601 | Zig:3    | Entered Level 3 of a ziggurat
 68606 | Zig:3    | Noticed a royal mummy
 68607 | Zig:3    | 68607 ||| INVOKING Summon Divine Warrior.
 68611 | Zig:3    | 68611 ||| INVOKING Cleansing Flame.
 68615 | Zig:3    | Killed a royal mummy
 68649 | Zig:3    | Identified the +10 flail of Red Forgiveness {flame, rN++
                  | Str+5}
 68651 | Zig:3    | 68651 ||| DROPPING +1 pair of boots of flying.
 68654 | Zig:4    | Entered Level 4 of a ziggurat
 68704 | Zig:4    | Identified the ring of Reimbursement {rN+ Will+ Slay+3
                  | Stlth-}
 68710 | Zig:5    | Entered Level 5 of a ziggurat
 68821 | Zig:5    | 68821 ||| DRINKING potion of mutation.
 68821 | Zig:5    | Lost mutation: You expend magic power (3 MP) to strengthen
                  | your wands. [potion of mutation]
 68821 | Zig:5    | Lost mutation: You are clumsy. (Dex -2) [potion of
                  | mutation]
 68822 | Zig:5    | Identified the +6 hand axe of the Mosquito {vorpal, rC+
                  | Dex+2}
 68828 | Zig:6    | Entered Level 6 of a ziggurat
 68844 | Zig:6    | 68844 ||| INVOKING Cleansing Flame.
 68845 | Zig:6    | 68845 ||| INVOKING Cleansing Flame.
 68846 | Zig:6    | 68846 ||| INVOKING Cleansing Flame.
 68847 | Zig:6    | 68847 ||| INVOKING Cleansing Flame.
 68973 | Zig:7    | Entered Level 7 of a ziggurat
 68974 | Zig:7    | 68974 ||| INVOKING Summon Divine Warrior.
 68982 | Zig:7    | 68982 ||| DRINKING 27 potions of curing.
 68982 | Zig:7    | 68982 ||| (to cure confusion)
 68983 | Zig:7    | 68983 ||| INVOKING Summon Divine Warrior.
 68994 | Zig:7    | 68994 ||| DRINKING 26 potions of curing.
 68994 | Zig:7    | 68994 ||| (to cure confusion)
 69028 | Zig:7    | 69028 ||| DRINKING 25 potions of curing.
 69028 | Zig:7    | 69028 ||| (to cure confusion)
 69030 | Zig:7    | 69030 ||| DRINKING 24 potions of curing.
 69030 | Zig:7    | 69030 ||| (to cure confusion)
 69054 | Zig:7    | 69054 ||| DRINKING 23 potions of curing.
 69054 | Zig:7    | 69054 ||| (to cure confusion)
 69071 | Zig:7    | 69071 ||| DRINKING 22 potions of curing.
 69071 | Zig:7    | 69071 ||| (to cure confusion)
 69106 | Zig:7    | Lost intelligence.
 69110 | Zig:7    | 69110 ||| DRINKING 21 potions of curing.
 69110 | Zig:7    | 69110 ||| (to cure confusion)
 69117 | Zig:7    | 69117 ||| DRINKING 20 potions of curing.
 69117 | Zig:7    | 69117 ||| (to cure confusion)
 69119 | Zig:7    | 69119 ||| DRINKING 6 potions of magic.
 69120 | Zig:7    | 69120 ||| INVOKING Summon Divine Warrior.
 69126 | Zig:7    | 69126 ||| DRINKING 8 potions of haste.
 69126 | Zig:7    | Paralysed by a fenstrider witch for 3 turns
 69129 | Zig:7    | 69129 ||| DRINKING 12 potions of might.
 69130 | Zig:7    | 69130 ||| INVOKING Summon Divine Warrior.
 69362 | Zig:7    | 69362 ||| UPGRADING to ring of the Gloaming {Ice rElec
                  | Str+2 Int+5 Slay+3}.
 69364 | Zig:7    | 69364 ||| UPGRADING to amulet of Anarchy {Acrobat Fly rF+}.
 69377 | Zig:8    | Entered Level 8 of a ziggurat
 69390 | Zig:8    | 69390 ||| DRINKING 19 potions of curing.
 69390 | Zig:8    | 69390 ||| (to cure confusion)
 69498 | Zig:8    | Identified the +4 war axe "Pujethu" {vorpal, Int+4}
 69508 | Zig:8    | 69508 ||| DRINKING potion of experience.
 69511 | Zig:8    | 69511 ||| UPGRADING to +3 plate armour of fire resistance.
 69521 | Zig:8    | 69521 ||| READING 3 scrolls of enchant armour.
 69521 | Zig:8    | 69521 ||| ENCHANTING +3 plate armour of fire resistance.
 69522 | Zig:8    | 69522 ||| READING 2 scrolls of enchant armour.
 69522 | Zig:8    | 69522 ||| ENCHANTING +4 plate armour of fire resistance.
 69523 | Zig:8    | 69523 ||| DROPPING +0 gold dragon scales.
 69524 | Zig:8    | 69524 ||| READING scroll of enchant armour.
 69524 | Zig:8    | 69524 ||| ENCHANTING +5 plate armour of fire resistance.
 69525 | Zig:8    | 69525 ||| UPGRADING to amulet "Yrobupre" {Reflect SH+5
                  | SInv}.
 69537 | Zig:9    | Entered Level 9 of a ziggurat
 69544 | Zig:9    | Found the +5 demon whip "Spellbinder" {antimagic, Will+}
 69546 | Zig:9    | 69546 ||| INVOKING Summon Divine Warrior.
 69552 | Zig:9    | 69552 ||| INVOKING Cleansing Flame.
 69553 | Zig:9    | 69553 ||| INVOKING Cleansing Flame.
 69554 | Zig:9    | 69554 ||| INVOKING Summon Divine Warrior.
 69633 | Zig:9    | 69633 ||| DRINKING potion of experience.
 69647 | Zig:9    | 69647 ||| DROPPING ring of resist corrosion.
 69655 | Zig:10   | Entered Level 10 of a ziggurat
 69660 | Zig:10   | 69660 ||| INVOKING Summon Divine Warrior.
 69678 | Zig:10   | 69678 ||| DRINKING 7 potions of haste.
 69678 | Zig:10   | HP: 34/193 [iron golem (19)]
 69678 | Zig:10   | Mangled by an iron golem

Levels and vault maps discovered:
D:1:      dpeg_arrival_connections, layout_loops_ring
D:2:      layout_basic, basic_altar, minivault_4
D:3:      layout_rooms, grunt_temple_overflow_open, serial_shops, shop,
          dreamdust_ecumenical_altar_statues, uniq_crazy_yiuf_cottage
D:4:      layout_loops_ring, tso_oasis_becter, gammafunk_ghost_arena,
          minmay_strange_pillars, uniq_pargi
D:5:      cheibrodos_barr_body, layout_cave_pools, minmay_misc_feat_ornament
D:6:      layout_loops_corners, serial_bayou_pond_d, hangedman_feature_mirror,
          st_stairs_10, nicolae_shop_overcharged_wands, uniq_duvessa
D:7:      layout_basic, lightli_temple_of_fire,
          minmay_temple_entry_statues_pillars, uniq_menkaure
D:8:      layout_layer_cave
D:9:      layout_basic
D:10:     minmay_statue_hallways, layout_rooms, mainiacjoe_overflow_24_doors,
          lair_entry_dummy, uniq_psyche
D:11:     layout_loops_ring, minivault_16
D:12:     layout_loops_ring, kennysheep_orc_monster_closet_entryway,
          bh_hangedman_babel_library
D:13:     layout_basic, hangedman_vaults_entry_quadrant_bands
D:14:     kennysheep_green_arena, layout_irregular_city,
          portal_ice_cave_entry_ice_simulacra
D:15:     hangedman_depths_entry_try_elsewhere_first, layout_basic,
          kennysheep_pointless_box
Temple:   minmay_crystal_spiral_temple
Lair:1:   layout_roguey
Lair:2:   minmay_lair_oklob_chamber, layout_hall_layers,
          chequers_serial_rivers_micro_e, lemuel_fruit_tree, uniq_amaemon,
          uniq_gastronok
Lair:3:   layout_layer_cave, minmay_shoals_entry_lonely_mermaid,
          minmay_snake_entry_six_corridors, nicolae_volcano_entry_batcave,
          infiniplex_staircase_pool_2, uniq_fannar
Lair:4:   layout_misc_corridors, slime_entry_1, nicolae_lair_grazing_beasts
          [nicolae_sub_lair_graze_edge, nicolae_sub_lair_graze_edge,
          nicolae_sub_lair_graze_edge, nicolae_sub_lair_graze_edge],
          grunt_megastairs_2
Lair:5:   hangedman_lair_in_review, layout_gridlike,
          hangedman_lair_caniforms_friends, chequers_serial_rivers_micro_b
Shoals:1: layout_shoals, nicolae_take_the_stairs
Shoals:2: cheibrodos_shoals_baths, layout_shoals, ebering_ghost_reflecting_pool,
          nicolae_shoals_this_corrosion
Shoals:3: layout_shoals, lemuel_oklob_altar
Shoals:4: shoals_end_hellmonk_storm_palace [storm_palace_center_ruins,
          storm_palace_corner_blocked, storm_palace_corner_pillars,
          storm_palace_corner_reverse_hut, storm_palace_corner_altar]
Snake:1:  layout_onion_interference, serial_bayou_pond_b, nicolae_shop_clearance
Snake:2:  layout_onion_interference, nicolae_snake_gridmaze_tees,
          grunt_ministairs_15
Snake:3:  layout_misc_corridors, serial_nicolae_subway,
          nicolae_sub_station_stone, nicolae_sub_station_metal,
          nicolae_sub_station_crystal, minmay_shoptagon
Snake:4:  minmay_snake_end_coiled, layout_onion, serial_shops, shop
Orc:1:    layout_caves, nicolae_orc_lost_temple
Orc:2:    pubby_orc_utopia
Vaults:1: nicolae_vaults_puzzle_piece, hangedman_vaults_stretched_pinwheel,
          v_misc_17, nicolae_vaults_sealed_display, nicolae_vaults_octagons,
          vaults_room_pool, layout_vaults_omnigrid, uniq_nikola
Vaults:2: v_misc_3, ontoclasm_vaults_pinch, nicolae_vaults_circle_grid_b,
          grunt_vaults_diagonal, serial_ice_g, hangedman_vaults_restitches,
          nicolae_vaults_theta, nicolae_vaults_rhombus_5, v_misc_23,
          hangedman_vaults_slice, hangedman_vaults_capsules,
          nicolae_vaults_little_squares_4, layout_vaults_omnicross,
          serial_shops, statue_bzr
Vaults:3: minmay_crypt_entry_necro_gods, ontoclasm_vaults_fault,
          hangedman_vaults_stream, st_lattice,
          nicolae_vaults_diagonal_hallway_8, vaults_mumra_minichess_inversion,
          vaults_mumra_chevron_long, hangedman_vaults_corner_blocks,
          nicolae_vaults_angled_halls, hangedman_vaults_variations,
          vaults_room_grunt_arrival_ludios, v_pattern_1,
          ontoclasm_vaults_shuriken, nicolae_vaults_circle_grid_b,
          vaults_room_pool, layout_vaults_omnibox, serial_shops, shop,
          shop_fountains, shop_fountains, nicolae_shop_waterfront
Vaults:4: nicolae_vaults_alarming, v_misc_30, grunt_vaults_hallway_short,
          ontoclasm_vaults_eye, v_rooms_6, nicolae_vaults_little_ls,
          nicolae_vaults_network_periphery, hangedman_vaults_slice,
          ontoclasm_vaults_bender, serial_ice_b, layout_vaults_big_room,
          uniq_mennas
Vaults:5
Crypt:1:  layout_regular_city, hellmonk_ghost_big_iron
Crypt:2:  layout_misc_corridors, weyrava_lich_vault
Crypt:3:  grunt_crypt_end_deaths_head, uniq_grunn
Tomb:1
Tomb:2
Tomb:3
Depths:1: layout_cave_pools, nicolae_gozag_seed_capital,
          nicolae_trove_entry_free_sample, serial_column_ruins,
          column_ruins_portal_hut, column_ruins_corridor_straight,
          column_ruins_grid_2, column_ruins_grid_4,
          column_ruins_corridor_straight, column_ruins_open_tiny, hell_entry,
          nicolae_rare_books, minmay_misc_feat_enclosed,
          nicolae_ru_the_path_less_chosen, minmay_shop_grove
Depths:2: minmay_the_grid_octo_tiled_octocenter_mashed
          [minmay_the_grid_octo_focus, minmay_the_grid_octo_empty,
          minmay_the_grid_octo_checkered, minmay_the_grid_octo_horde,
          minmay_the_grid_octo_prize_ultimate_mussel_roller,
          minmay_the_grid_square_5x5_percent, minmay_the_grid_square_5x5_corner,
          minmay_the_grid_square_5x5_longway,
          minmay_the_grid_square_5x5_moneybag], layout_twisted_cross, pan_entry,
          hell_entry, infiniplex_staircase_star, uniq_enchantress
Depths:3: evilmike_diamond_1, layout_honeycomb, grunt_hell_horde, serial_sigils,
          serial_sigils_hangedman_snap, serial_sigils_hangedman_shear,
          serial_sigils_hangedman_scar, serial_sigils_hangedman_gnaw,
          serial_sigils_hangedman_shear, abyss_entry,
          kennysheep_underground_church
Depths:4: evilmike_zot_entry_diamond, layout_basic, enter_ziggurat_a,
          serial_shops, nicolae_lakefront_shop, chequers_big_river, pan_entry,
          hell_entry, solitary_fountain
Zot:1:    layout_misc_corridors
Zot:2:    gammafunk_the_bubble [the_bubble_gammafunk_roulette], layout_onion
Zot:3:    layout_misc_corridors, st_small_dragon_hoard_5, hangedman_zot_gyre,
          grunt_ministairs_13, uniq_josephina
Zot:4:    layout_gridlike
Zot:5:    layout_misc_corridors, ebering_ghost_inner_flame, grunt_ministairs_15
Zig:10

Skill      XL: |  1  2  3  4  5  6  7  8  9 10 11 12 13 14 15 16 17 18 19 20 21 22 23 24 25 26 27 |
---------------+----------------------------------------------------------------------------------+-----
Axes           | 2 3 4 5 7 8 9 11 12 14 15 16 17 18 | 18.0
Dodging        | 1 2 3 4 6 7 8 9 10 12 13 14 15 16 | 16.1
Fighting       | 4 6 7 8 9 10 12 13 14 15 17 18 19 20 22 23 25 | 25.0
Throwing       | 1 2 5 6 7 9 10 11 12 13 14 | 14.4
Armour         | 4 6 8 9 11 12 13 15 16 18 19 20 21 22 23 | 23.0
Shields        | 4 5 6 7 12 13 17 18 19 20 21 22 | 22.8
Invocations    | 4 7 10 25 | 25.3

Action                   |  1- 3 |  4- 6 |  7- 9 | 10-12 | 13-15 | 16-18 | 19-21 | 22-24 | 25-27 || total
-------------------------+-------+-------+-------+-------+-------+-------+-------+-------+-------++-------
Melee: War axe           |   118 |   136 |   285 |    74 |       |       |       |       |       ||   613
       Broad axe         |       |       |       |   379 |   640 |  1217 |  1031 |  1076 |  1963 ||  6306
       Demon whip        |       |       |       |       |    41 |    38 |       |       |       ||    79
       Headbutt          |       |       |       |       |       |       |       |       |   357 ||   357
Throw: Javelin           |       |       |    22 |       |     2 |    45 |   132 |   107 |   212 ||   520
       Boomerang         |       |       |     2 |    16 |    80 |    25 |     1 |       |       ||   124
Invok: Heroism           |       |       |       |    28 |    30 |    54 |    42 |    36 |    27 ||   217
       Finesse           |       |       |       |       |     6 |    10 |    11 |    11 |     4 ||    42
       Cleansing Flame   |       |       |       |       |       |       |       |       |    88 ||    88
       Summon Divine War |       |       |       |       |       |       |       |       |    27 ||    27
       Brand Weapon With |       |       |       |       |       |       |       |       |     1 ||     1
Evoke: Figurine of a zig |       |       |       |       |       |       |       |       |     1 ||     1
  Use: Scroll            |     2 |     7 |     7 |    14 |     8 |     5 |     1 |     1 |     9 ||    54
       Potion            |       |     3 |     5 |     3 |     1 |     1 |     1 |     1 |    42 ||    57
 Stab: Petrified         |       |       |       |       |    15 |       |       |       |       ||    15
       Petrifying        |       |       |       |       |     1 |       |       |       |       ||     1
Armor: Scale mail        |    65 |       |       |       |       |       |       |       |       ||    65
       Chain mail        |    40 |    69 |    92 |       |       |       |       |       |       ||   201
       Plate armour      |       |       |    22 |   204 |   246 |   240 |   177 |   193 |   662 ||  1744
Dodge: Dodged            |    71 |    57 |   142 |   231 |   341 |   449 |   277 |   321 |  1103 ||  2992
Block: Buckler           |    26 |    24 |    78 |   139 |   168 |       |       |       |       ||   435
       Kite shield       |       |       |       |       |   102 |   358 |       |       |       ||   460
       Tower shield      |       |       |       |       |       |   790 |  1090 |  1069 |  2641 ||  5590
       Reflection        |       |       |       |       |       |    59 |    79 |    14 |    51 ||   203

Table legend:
 A = Non-vault XP
 B = Vault XP
 C = Vault XP percentage of total XP
 D = Non-vault monster count
 E = Vault monster count
 F = Vault count percentage of total count
                 A         B        C        D         E       F
            +---------+---------+-------+---------+---------+-------
      Total |  819998 |  854216 |  51.0 |    1494 |    1128 |  43.0
            +---------+---------+-------+---------+---------+-------
        D:1 |      63 |       0 |   0.0 |      33 |       0 |   0.0
        D:2 |      85 |       0 |   0.0 |      23 |       0 |   0.0
        D:3 |      59 |       0 |   0.0 |      12 |       0 |   0.0
        D:4 |     433 |     128 |  22.8 |      23 |       1 |   4.2
        D:5 |     346 |     944 |  73.2 |      10 |      12 |  54.5
        D:6 |    1159 |     491 |  29.8 |      25 |       9 |  26.5
        D:7 |    1682 |     172 |   9.3 |      28 |       1 |   3.4
        D:8 |    2558 |       0 |   0.0 |      22 |       0 |   0.0
        D:9 |    1711 |       0 |   0.0 |      17 |       0 |   0.0
       D:10 |    2528 |     379 |  13.0 |       9 |       1 |  10.0
       D:11 |    2443 |     632 |  20.6 |       8 |       1 |  11.1
       D:12 |    4981 |    4117 |  45.3 |      21 |      24 |  53.3
       D:13 |    3230 |   10016 |  75.6 |       5 |      18 |  78.3
       D:14 |   14429 |   14615 |  50.3 |      31 |      26 |  45.6
       D:15 |    6107 |    3251 |  34.7 |      15 |       4 |  21.1
     Lair:1 |    2930 |       0 |   0.0 |       7 |       0 |   0.0
     Lair:2 |    2179 |    2706 |  55.4 |       9 |       3 |  25.0
     Lair:3 |    7028 |    4693 |  40.0 |      25 |      15 |  37.5
     Lair:4 |    4313 |    3085 |  41.7 |      18 |       6 |  25.0
     Lair:5 |    8652 |   21148 |  71.0 |      31 |      77 |  71.3
   Shoals:1 |   18041 |       0 |   0.0 |      35 |       0 |   0.0
   Shoals:2 |   18399 |    2502 |  12.0 |      35 |       7 |  16.7
   Shoals:3 |    8435 |     602 |   6.7 |      18 |       1 |   5.3
   Shoals:4 |   13182 |   26563 |  66.8 |      27 |      45 |  62.5
    Snake:1 |   10144 |    1483 |  12.8 |      16 |       5 |  23.8
    Snake:2 |   16030 |    1006 |   5.9 |      30 |       2 |   6.2
    Snake:3 |   33719 |       0 |   0.0 |      67 |       0 |   0.0
    Snake:4 |   22997 |   13674 |  37.3 |      52 |      30 |  36.6
      Orc:1 |    5954 |     895 |  13.1 |      55 |      17 |  23.6
      Orc:2 |       0 |   18971 | 100.0 |       0 |     123 | 100.0
   Vaults:1 |   29431 |   10002 |  25.4 |      56 |      13 |  18.8
   Vaults:2 |   26467 |   18609 |  41.3 |      41 |      30 |  42.3
   Vaults:3 |   16540 |   27921 |  62.8 |      26 |      35 |  57.4
   Vaults:4 |   26103 |   45102 |  63.3 |      34 |      48 |  58.5
   Vaults:5 |   37722 |   69799 |  64.9 |      46 |      61 |  57.0
    Crypt:1 |   15550 |       0 |   0.0 |      31 |       0 |   0.0
    Crypt:2 |   26238 |   10395 |  28.4 |      41 |       6 |  12.8
    Crypt:3 |       0 |   73445 | 100.0 |       0 |     127 | 100.0
     Tomb:1 |   16100 |   97828 |  85.9 |      45 |      63 |  58.3
     Tomb:2 |   11303 |   28938 |  71.9 |      32 |      45 |  58.4
     Tomb:3 |   21418 |  105636 |  83.1 |      37 |     115 |  75.7
   Depths:1 |   38662 |       0 |   0.0 |      53 |       0 |   0.0
   Depths:2 |   31596 |   44644 |  58.6 |      39 |      43 |  52.4
   Depths:3 |   27843 |   47647 |  63.1 |      31 |      42 |  57.5
   Depths:4 |   31179 |   13730 |  30.6 |      34 |      10 |  22.7
      Zot:1 |   29708 |       0 |   0.0 |      27 |       0 |   0.0
      Zot:2 |   50683 |       0 |   0.0 |      45 |       0 |   0.0
      Zot:3 |   20539 |   15359 |  42.8 |      16 |      14 |  46.7
      Zot:4 |   45304 |       0 |   0.0 |      41 |       0 |   0.0
      Zot:5 |   47796 |  110939 |  69.9 |      36 |      44 |  55.0
      Zig:1 |     788 |       0 |   0.0 |       2 |       0 |   0.0
      Zig:2 |    1635 |       0 |   0.0 |       2 |       0 |   0.0
      Zig:3 |    4541 |       0 |   0.0 |       6 |       0 |   0.0
      Zig:4 |    4244 |       0 |   0.0 |       5 |       0 |   0.0
      Zig:5 |    4649 |       0 |   0.0 |       7 |       0 |   0.0
      Zig:6 |    6144 |       0 |   0.0 |      13 |       0 |   0.0
      Zig:7 |    7898 |    2149 |  21.4 |      11 |       4 |  26.7
      Zig:8 |    8311 |       0 |   0.0 |      11 |       0 |   0.0
      Zig:9 |   10262 |       0 |   0.0 |      13 |       0 |   0.0
     Zig:10 |    7527 |       0 |   0.0 |       6 |       0 |   0.0
            +---------+---------+-------+---------+---------+-------
